Cogmind - Beta 16 @@@ ROGUE MODE // 2025.11.07 @ 14:18:21 Player: szymekc Result: Establishing 0b11! Performance ------------- Evolutions (9) 4500 Regions Visited (38) 7600 Robots Destroyed (432) 2160 Value Destroyed (22394) 22394 Prototype IDs (384) 7680 Alien Tech Used (0) 0 Bonus (38880) 38880 TOTAL SCORE: 83214 Bonus ------- Triggered Max Security 1000 High Alert Combat Kills 4120 Follower Combat Kills 4596 Entered Garrisons 2000 Used RIF Installer 5000 Network Hubs Disabled 400 Aligned with FarCom 300 Built Enhanced Grunts 300 Met R17 at Cetus 500 Met R17 at Research 2000 Met MAIN.C 5000 Destroyed MAIN.C Shell 5000 Destroyed MAIN.C 10000 Win 3000 Friendly Fire -4336 Cogmind --------- Core Integrity 1189/1600 Matter 300/300 Energy 144/150 System Corruption 8% Temperature Cool (12) Movement Flying (28) Location 0b11 Command Parts ------- > --- POWER (2) -------- Micro Antimatter Reactor > --- PROPULSION (8) --- Electron Diverter Impulse Thruster Array Improved Q-thruster Cooled Q-thruster (fused) > --- UTILITY (13) ----- Medium Storage Unit Spectral Analyzer Core Analyzer Experimental Core Analyzer Experimental Core Analyzer Improved Armor Integrity Analyzer Nanoactuators Nanoactuators Centrium Light Armor Plating Graphene Brace Relay Coupler [NC] (7) Relay Coupler [Proto] (5) > --- WEAPON (2) ------- Multirail > --- INVENTORY (10) --- Armored Heavy Treads Armored Heavy Treads YOLO Cannon Guided Micro-nuke Launcher Advanced Datajack Kinetic Spear Peak State ------------ > --- POWER ------------ Micro Antimatter Reactor Light Quantum Reactor > --- PROPULSION ------- Armored Heavy Treads Armored Heavy Treads Impulse Thruster Array Improved Q-thruster Cooled Q-thruster > --- UTILITY ---------- Medium Storage Unit Spectral Analyzer Core Analyzer Experimental Core Analyzer Experimental Core Analyzer Improved Armor Integrity Analyzer Nanoactuators Nanoactuators Centrium Light Armor Plating Graphene Brace Relay Coupler [NC] Relay Coupler [Proto] > --- WEAPON ----------- Multirail Linear Accelerator > --- INVENTORY -------- Electron Diverter YOLO Cannon Guided Micro-nuke Launcher Advanced Datajack Kinetic Spear [Rating: 193] Favorites ----------- Power Micro Antimatter Reactor Engine Ion Engine Power Core Micro Fission Core Reactor Micro Antimatter Reactor Propulsion Light Treads Treads Light Treads Leg Medium Armored Exoskeleton Hover Unit Gravmag System Flight Unit Cooled VTOL Module Utility Advanced Hacking Suite Device Shield Generator Storage Medium Storage Unit Processor Experimental Core Analyzer Hackware Advanced Hacking Suite Protection Medium Regenerative Plating Weapon Kinetic Spear Energy Gun Advanced Beam Rifle Energy Cannon Cooled Plasma Cannon Ballistic Gun Advanced KE Penetrator Ballistic Cannon Hypervelocity Gauss Cannon Launcher Advanced Micro-nuke Launcher Special Weapon Advanced Remote Datajack Impact Weapon Thunder Hammer Slashing Weapon Power Sword Piercing Weapon Kinetic Spear Special Melee Weapon Advanced Datajack Build | -11 -10 -10 -9 -9 -9 -8 -8 -8 -7 -7 -7 -7 -6 -6 -6 -6 -5 -5 -5 -5 -5 -5 -5 -5 -5 -5 -4 -4 -4 -4 -4 -4 -3 -3 -2 -2 -1 -1 ------- Run | Yrd Mat Min Mat Min Exi Min Mat Gar Fac Gar Fac Gar Fac Was Fac Gar Fac Was Fac Gar Fac Ext Cet Arc Hub Gar Fac Was Fac Gar Fac Gar Res Gar Res Gar Acc Com Slots Evolved 18 | . . . 2 . . . 2 . 2 . . . 2 . . . 2 . . . . . . . . . 2 . . . . . 2 . 2 . 2 . Power 1 | . . . . . . . . . . . . . . . . . . . . . . . . . . . 1 . . . . . . . . . . . Propulsion 6 | . . . 1 . . . 1 . . . . . 1 . . . . . . . . . . . . . 1 . . . . . 1 . . . 1 . Utility 11 | . . . 1 . . . 1 . 2 . . . 1 . . . 2 . . . . . . . . . . . . . . . 1 . 2 . 1 . Weapon . | . . . . . . . . . . . . . . . . . . . . . . . . . . . . . . . . . . . . . . . Parts Attached 389 | 7 9 3 29 . 1 . 6 12 17 14 23 2 28 . 5 9 11 . 15 6 2 9 12 6 9 13 11 1 11 27 5 . 16 18 7 3 23 19 Power 51 | 1 2 . 4 . . . 2 1 4 1 1 . 3 . 2 . 2 . 2 . . 2 2 . . 3 4 . 2 4 . . 3 2 1 . 2 1 Engine 16 | 1 2 . 3 . . . 2 1 1 . . . 2 . . . . . 1 . . 1 . . . . . . 1 . . . . 1 . . . . Core 21 | . . . 1 . . . . . 3 1 1 . 1 . 2 . 2 . 1 . . 1 . . . 3 1 . 1 3 . . . . . . . . Reactor 14 | . . . . . . . . . . . . . . . . . . . . . . . 2 . . . 3 . . 1 . . 3 1 1 . 2 1 Propulsion 94 | 2 1 . 9 . 1 . 1 3 5 3 11 . 9 . . . 3 . 3 . . 3 2 2 1 . 2 . 3 9 1 . 2 8 4 . 4 2 Treads 27 | 2 1 . 9 . 1 . 1 3 . 1 . . . . . . . . . . . . 2 2 1 . 2 . . . . . . . . . . 2 Leg 3 | . . . . . . . . . . . . . . . . . . . . . . . . . . . . . 3 . . . . . . . . . Wheel . | . . . . . . . . . . . . . . . . . . . . . . . . . . . . . . . . . . . . . . . Hover 8 | . . . . . . . . . 1 1 5 . . . . . . . . . . 1 . . . . . . . . . . . . . . . . Flight 56 | . . . . . . . . . 4 1 6 . 9 . . . 3 . 3 . . 2 . . . . . . . 9 1 . 2 8 4 . 4 . Utility 179 | 2 2 1 9 . . . . 3 7 6 5 2 13 . 2 6 4 . 9 6 2 2 7 4 7 7 5 1 5 11 4 . 10 7 1 3 13 13 Device 56 | 2 . . 2 . . . . 3 . . 2 . 3 . . 2 . . 2 2 1 1 2 4 4 2 2 1 2 3 2 . 3 2 1 . 6 2 Storage 12 | . 1 1 1 . . . . . . . . . . . . . . . 1 . . . . . 1 . 1 . 2 . 1 . 1 . . . 2 . Processor 14 | . . . . . . . . . 1 1 1 . 2 . . . 1 . . 1 . . . . 2 . . . . . . . 1 . . . 1 3 Hackware 70 | . . . 4 . . . . . 5 4 . 2 6 . 2 4 3 . 3 2 1 1 1 . . 5 2 . . 7 1 . 2 4 . 3 2 6 Protection 27 | . 1 . 2 . . . . . 1 1 2 . 2 . . . . . 3 1 . . 4 . . . . . 1 1 . . 3 1 . . 2 2 Artifact . | . . . . . . . . . . . . . . . . . . . . . . . . . . . . . . . . . . . . . . . Weapon 65 | 2 4 2 7 . . . 3 5 1 4 6 . 3 . 1 3 2 . 1 . . 2 1 . 1 3 . . 1 3 . . 1 1 1 . 4 3 Energy Gun 3 | 1 . . . . . . 1 1 . . . . . . . . . . . . . . . . . . . . . . . . . . . . . . Energy Cannon 4 | . . . . . . . . 1 . . 1 . 1 . . . 1 . . . . . . . . . . . . . . . . . . . . . Ballistic Gun 23 | 1 3 . 7 . . . 2 . . 2 . . . . . . . . . . . 1 1 . 1 2 . . 1 1 . . . . . . . 1 Ballistic Cannon 8 | . 1 . . . . . . . . 2 . . . . . 1 1 . . . . 1 . . . . . . . . . . . . . . 1 1 Launcher 8 | . . 1 . . . . . . 1 . 2 . 1 . . 1 . . . . . . . . . . . . . . . . . 1 . . 1 . Special Weapon 7 | . . 1 . . . . . 1 . . . . . . . 1 . . . . . . . . . 1 . . . 2 . . . . . . . 1 Impact Weapon 3 | . . . . . . . . 1 . . 1 . . . 1 . . . . . . . . . . . . . . . . . . . . . . . Slashing Weapon 3 | . . . . . . . . 1 . . 1 . 1 . . . . . . . . . . . . . . . . . . . . . . . . . Piercing Weapon 4 | . . . . . . . . . . . 1 . . . . . . . 1 . . . . . . . . . . . . . . . . . 2 . Special Melee Weapon 2 | . . . . . . . . . . . . . . . . . . . . . . . . . . . . . . . . . 1 . 1 . . . Unidentified Prototypes 33 | . . . 2 . . . 3 2 4 . 1 . 2 . . . . . 2 3 . . 5 . 1 . . . . . . . 5 . . . 1 2 Corrupted Parts 2 | . . . . . . . . . . . . . . . . . . . . . . 1 . 1 . . . . . . . . . . . . . . System Corruption 8 | . . . . . . . . . . . . . . . . . . . . . . 7 . 1 . . . . . . . . . . . . . . Parts Lost 46 | . 3 . . . . . . 1 1 6 2 . 2 . . 1 1 . 2 . 3 1 . . 1 . 1 2 . 6 . . . 6 . . 3 4 Power 5 | . 1 . . . . . . . . 1 . . 1 . . . 1 . 1 . . . . . . . . . . . . . . . . . . . Propulsion 16 | . . . . . . . . . 1 3 2 . . . . . . . . . 1 . . . . . . . . 4 . . . 4 . . . 1 Utility 19 | . 1 . . . . . . 1 . . . . 1 . . 1 . . 1 . 1 1 . . 1 . . 1 . 2 . . . 2 . . 3 3 Weapon 6 | . 1 . . . . . . . . 2 . . . . . . . . . . 1 . . . . . 1 1 . . . . . . . . . . Highest Loss Streak 5 | . 3 . . . . . . 1 1 5 1 . 1 . . 1 1 . 1 . 3 4 . . 1 . 1 2 . 2 . . . 4 . . 3 1 To Critical Strikes 2 | . . . . . . . . . . . . . . . . . . . . . 1 . . . . . . 1 . . . . . . . . . . Average Backups 10 | . 6 9 18 20 19 19 18 18 4 3 3 3 3 4 3 3 4 4 7 8 8 8 8 7 11 13 13 10 5 7 8 11 9 8 8 8 8 6 Power . | . . . 1 1 1 1 1 1 . . . . . . . . . . . . . . . . . 1 . . . . . 1 . . . . . . Propulsion 1 | . . 1 4 7 6 6 5 4 . . . . . . . . . . . 2 1 3 1 1 3 2 1 1 1 1 . 2 . . . 1 . . Utility 3 | . 2 3 5 4 4 4 3 6 2 . . . . . . . . . 2 2 2 . . . 2 4 4 4 1 3 6 7 8 6 5 5 5 1 Weapon 4 | . 2 4 7 8 7 8 8 6 1 1 2 2 2 3 3 3 3 3 3 3 4 3 5 5 5 4 5 4 1 1 1 1 1 1 2 1 1 2 Tool/Special . | . . . . . . . . . . . . . . . . . . . . . . . . . . . . . . . . . . . . . . . Unused Backups 67 | . . . 6 . 1 1 2 9 4 1 . . 2 . . . . . 3 . . 3 4 . 2 6 1 6 1 4 1 . 2 3 1 . 2 2 Power 5 | . . . 1 . . . 1 . . . . . . . . . . . . . . . . . 1 . . . . 1 . . 1 . . . . . Propulsion 11 | . . . . . . . . 1 . . . . . . . . . . . . . 3 2 . . 2 . . 1 . . . . 1 . . . 1 Utility 37 | . . . 3 . . . . 6 3 1 . . 1 . . . . . 3 . . . 2 . 1 4 . 3 . 3 1 . 1 2 . . 2 1 Weapon 13 | . . . 2 . 1 1 1 2 1 . . . . . . . . . . . . . . . . . 1 3 . . . . . . 1 . . . Tool/Special 1 | . . . . . . . . . . . . . 1 . . . . . . . . . . . . . . . . . . . . . . . . . Average Slot Usage (%) 91 | . 98 100 99 100 100 100 98 99 89 66 88 82 96 100 98 99 95 88 91 93 93 84 87 87 87 86 83 69 66 85 96 94 94 92 84 92 91 86 Engine 3 | . 14 14 8 11 11 11 9 9 . . . . 3 . . . . . 1 . . 3 . . . . . . 1 1 . . . . . . . . Core 2 | . . . 2 . . . . . 6 2 5 7 2 6 6 6 4 5 3 5 5 1 . . . 4 6 . 2 8 10 10 3 . . . . . Reactor 1 | . . . . . . . . . . . . . . . . . . . . . . . 4 5 5 . 3 5 . . . . 4 8 8 8 7 7 Treads 12 | . 28 28 33 33 33 33 34 36 1 1 . . . . . . . . . . . . 8 16 17 17 15 12 . . . . . . . . . . Flight 12 | . . . . . . . . . 27 12 16 23 31 33 31 33 27 23 23 23 22 21 8 . . . . 1 . 16 28 26 28 26 28 26 24 22 Device 9 | . 6 14 13 11 11 11 17 18 3 . 7 . . 6 1 8 11 11 3 4 3 5 5 8 13 3 7 7 15 14 15 15 10 12 10 13 18 16 Storage 5 | . 9 14 11 11 11 11 9 9 . . . . . . . . . . 3 5 5 5 5 5 5 5 5 3 4 2 5 5 4 4 4 4 4 4 Processor 5 | . . . . . . . . . 2 3 7 7 14 13 10 1 4 5 4 . 5 5 5 5 6 17 10 10 8 4 . . 2 4 4 4 6 13 Hackware 16 | . . . 1 . . . . . 29 29 12 20 25 20 27 31 33 29 33 34 30 21 19 23 17 18 18 15 12 18 26 26 19 17 17 23 17 11 Protection 6 | . 10 . 6 11 11 11 9 8 6 5 13 15 4 6 6 3 . . 3 5 5 5 13 7 5 5 4 2 2 3 . . 8 5 4 4 5 4 Ballistic Gun 6 | . 23 12 21 22 22 22 13 4 . . . . . . . . . . . . . . 9 9 10 9 7 5 1 1 . . . . . . . . Impact Weapon 1 | . . . . . . . . 4 . . 2 . . . . 4 5 5 4 4 2 2 . . . . . . . . . . . . . . . . Piercing Weapon 1 | . . . . . . . . . . . 4 . . . . . . . 1 4 4 2 1 . . . 1 2 4 3 5 5 4 4 1 4 3 3 Peak Build Rating 193 | 9 9 9 21 19 20 20 27 41 54 56 62 56 72 68 68 75 87 87 106 114 126 106 136 131 133 126 131 131 125 125 103 104 132 141 142 149 183 193 Average Rating 79 | 6 7 8 18 19 19 20 24 27 47 42 48 51 66 68 65 71 78 87 87 103 114 98 124 121 127 119 125 107 103 111 101 103 121 132 128 146 169 175 On Entrance 78 | . 9 7 8 19 19 20 20 27 41 50 28 42 52 68 68 68 74 87 87 106 114 88 103 130 121 115 122 130 63 125 100 103 104 132 139 142 148 163 Avg Prop Armor Cover (%) 11 | . . . . . . . . . . 13 13 . . . . . . . . . . 5 2 . . . . . 20 . . . . . . . . 5 Naked Turns . | . . . . . . . . . . . . . . . . . . . . . . . . . . . . . . . . . . . . . . . Heaviest Build 81 | 10 20 50 63 60 60 60 62 75 17 49 27 18 24 24 25 25 27 27 40 34 33 38 64 58 65 64 77 75 74 81 40 40 57 59 57 57 64 63 Greatest Support 220 | 40 40 40 60 60 60 60 80 80 20 20 36 18 36 35 25 35 41 41 43 44 44 39 160 188 188 187 220 220 100 100 48 56 59 71 62 72 72 69 Greatest Overweight (x) 5 | . . 1 1 . . . 1 . . 5 4 . . . 1 . . . 1 . . 1 1 . . . . . 1 1 1 . . 1 1 . . . Average Overweight (x) . | . . . . . . . . . . . . . . . . . . . . . . . . . . . . . . . . . . . . . . . Largest Inventory Capacity 20 | 5 10 20 20 20 20 20 20 20 20 5 5 5 5 5 5 5 5 5 10 10 10 10 10 10 15 15 15 15 15 15 15 15 15 10 10 10 15 10 Average Capacity 11 | 5 8 11 20 20 20 20 20 20 5 5 5 5 5 5 5 5 5 5 8 10 10 10 10 10 14 15 15 12 10 9 11 15 10 10 10 10 10 10 Most Carried 20 | 2 10 10 20 20 20 20 20 20 20 5 5 5 5 5 5 5 5 5 10 10 10 10 10 10 15 15 15 15 12 15 12 15 15 10 10 10 11 10 Average Carried 11 | . 6 9 18 20 19 19 19 19 5 4 4 4 4 5 4 4 5 5 8 9 9 9 9 9 13 14 14 12 8 8 9 12 10 9 9 9 9 8 Final Capacity 20 | 5 10 20 20 20 20 20 20 20 5 5 5 5 5 5 5 5 5 5 10 10 10 10 10 10 15 15 15 5 15 10 15 15 10 10 10 10 10 10 Final Carried 20 | 1 9 10 20 20 20 20 20 20 5 5 5 5 5 5 5 5 5 5 9 10 8 10 10 10 15 15 14 4 12 9 12 15 10 10 9 10 10 10 Class Distribution -------------------- 25% | Scavenger-Mutant 20% | Hacker-Sprinter 17% | Mutant 13% | Botlord-Sprinter 6% | Bothacker-Mutant 5% | Commander-Mutant 3% | Commander-Sprinter Dominant Class ---------------- Mutant | -10/Materials Scavenger-Mutant | -10/Mines Scavenger-Mutant | -9/Materials Mutant | -9/Mines Mutant | -9/Exiles Mutant | -8/Mines Scavenger-Mutant | -8/Materials Scavenger-Mutant | -8/Garrison Bothacker-Sprinter | -7/Factory Bothacker-Mutant | -7/Garrison Mutant | -7/Factory Bothacker-Sprinter | -7/Garrison Hacker-Sprinter | -6/Factory Hacker-Sprinter | -6/Waste Hacker-Sprinter | -6/Factory Hacker-Sprinter | -6/Garrison Hacker-Sprinter | -5/Factory Hacker-Sprinter | -5/Waste Hacker-Sprinter | -5/Factory Hacker-Sprinter | -5/Garrison Hacker-Sprinter | -5/Factory Commander-Sprinter | -5/Extension Commander-Mutant | -5/Cetus Commander-Mutant | -5/Archives Scavenger-Mutant | -5/Hub_04(d) Bothacker-Mutant | -5/Garrison Scavenger-Mutant | -4/Factory Scavenger-Mutant | -4/Waste Scavenger-Mutant | -4/Factory Botlord-Sprinter | -4/Garrison Botlord-Sprinter | -4/Factory Botlord-Sprinter | -4/Garrison Botlord-Sprinter | -3/Research Botlord-Sprinter | -3/Garrison Botlord-Sprinter | -2/Research Botlord-Sprinter | -2/Garrison Botlord-Sprinter | -1/Access Botlord-Sprinter | -1/Command Resources | -11 -10 -10 -9 -9 -9 -8 -8 -8 -7 -7 -7 -7 -6 -6 -6 -6 -5 -5 -5 -5 -5 -5 -5 -5 -5 -5 -4 -4 -4 -4 -4 -4 -3 -3 -2 -2 -1 -1 ----------- Run | Yrd Mat Min Mat Min Exi Min Mat Gar Fac Gar Fac Gar Fac Was Fac Gar Fac Was Fac Gar Fac Ext Cet Arc Hub Gar Fac Was Fac Gar Fac Gar Res Gar Res Gar Acc Com Matter Collected 14880 | 293 252 150 920 . . 38 260 439 446 415 639 74 845 . 60 579 496 . 890 167 239 1295 337 488 969 1038 842 . 341 543 106 . 365 208 20 . 552 574 Remotely . | . . . . . . . . . . . . . . . . . . . . . . . . . . . . . . . . . . . . . . . Salvage Created 21755 | 160 414 106 1194 91 . 65 361 631 412 168 1029 86 1474 . 185 719 610 . 898 507 616 1229 617 305 1908 1367 1078 700 854 824 26 . 641 1007 87 . 1164 222 Parts 1021 | 13 34 8 73 1 . 9 16 34 20 12 49 8 62 . 8 21 19 . 31 21 15 58 39 29 106 56 47 10 30 48 4 . 13 51 2 . 63 11 Haulers Intercepted 32 | . 2 . 6 . . . 1 . 2 . 5 . 4 . 1 . 3 . 1 . 2 . . . 1 . 2 . 1 . . . . . . . 1 . Recyclers Shooed 11 | 1 . . 3 . . . . . . . . . 3 . 1 . . . . . . . . . 1 . 1 . 1 . . . . . . . . . Parts Field Recycled . | . . . . . . . . . . . . . . . . . . . . . . . . . . . . . . . . . . . . . . . Retrieved Matter . | . . . . . . . . . . . . . . . . . . . . . . . . . . . . . . . . . . . . . . . Parts Self-Destructed . | . . . . . . . . . . . . . . . . . . . . . . . . . . . . . . . . . . . . . . . Prevented . | . . . . . . . . . . . . . . . . . . . . . . . . . . . . . . . . . . . . . . . Parts Restored . | . . . . . . . . . . . . . . . . . . . . . . . . . . . . . . . . . . . . . . . Kills | -11 -10 -10 -9 -9 -9 -8 -8 -8 -7 -7 -7 -7 -6 -6 -6 -6 -5 -5 -5 -5 -5 -5 -5 -5 -5 -5 -4 -4 -4 -4 -4 -4 -3 -3 -2 -2 -1 -1 ------- Run | Yrd Mat Min Mat Min Exi Min Mat Gar Fac Gar Fac Gar Fac Was Fac Gar Fac Was Fac Gar Fac Ext Cet Arc Hub Gar Fac Was Fac Gar Fac Gar Res Gar Res Gar Acc Com Combat Hostiles Destroyed 285 | . 14 4 19 . . 3 6 18 3 6 10 5 14 . . 13 6 . 13 5 5 17 6 . 25 28 9 2 5 15 . . 1 14 1 . 15 3 Melee 63 | . . . . . . . . . 3 3 2 1 4 . . 1 1 . 1 3 2 1 . . . . 1 . 2 11 . . 1 14 1 . 10 1 Guns 122 | . 11 1 19 . . 3 6 12 . 1 . . . . . . . . . . . . 6 . 25 28 8 2 . . . . . . . . . . Cannons 33 | . 1 . . . . . . . . 2 1 . . . . 1 1 . 7 1 . 15 . . . . . . . 3 . . . . . . . 1 AOE 59 | . 2 3 . . . . . 5 . . 7 4 10 . . 9 4 . 4 . 3 . . . . . . . 2 1 . . . . . . 5 . Classes Destroyed 25 | 2 5 1 3 . . . 2 . 1 . 1 1 . . 1 . . . . 2 1 1 . . 2 . . 1 . 1 . . . . . . . . Worker 26 | . 2 . 1 . . . . . . . 8 . 2 . . . 1 . 2 . . . . . 1 . 1 . 5 . 1 . . . . . 2 . Builder 10 | . . . 1 . . . . . . . 1 . 2 . . . 1 . 2 . 1 1 . . 1 . . . . . . . . . . . . . Tunneler 10 | 4 . 1 2 . . 1 . . . . 2 . . . . . . . . . . . . . . . . . . . . . . . . . . . Hauler 32 | . 2 . 6 . . . 1 . 2 . 5 . 4 . 1 . 3 . 1 . 2 . . . 1 . 2 . 1 . . . . . . . 1 . Recycler 30 | 1 . . 3 1 . 1 . . 2 . 4 . 5 . . . . . 1 . 2 . . . 1 . 1 . 3 . . . 4 . . . 1 . Mechanic 3 | . 1 . 1 . . . . . . . . . . . . . . . 1 . . . . . . . . . . . . . . . . . . . Operator 11 | . . . . . . . . . . . . . . . 1 . . . . . . 1 . 6 . . 1 . . . . . . . . . 1 1 Drone 3 | . . . . . . . . . . . . . . . . . . . . . 3 . . . . . . . . . . . . . . . . . Watcher 20 | . . . . . . . 1 . 1 . 1 . 2 . 2 . 6 . 1 . 1 . . . 2 . . . . . . . 1 . . . 1 1 Swarmer 69 | . 9 . 5 . . 3 . 9 . 3 7 . 7 . . 3 4 . . . . . . . . 9 . . . . . . . 5 . . 5 . Cutter 10 | . . . . . . . . . . . . . . . . . . . . . . . . . . . . . . 6 . . . 4 . . . . Grunt 78 | . 5 3 6 . . . 5 6 2 1 1 3 3 . . 6 . . 4 . . 3 . . 4 7 5 . 1 4 . . 1 4 1 . 3 . Brawler 2 | . . . . . . . . . . . 1 . . . . 1 . . . . . . . . . . . . . . . . . . . . . . Duelist 10 | . . . 1 . . . . . . . . 1 . . . . . . . 1 . . . . 5 . 1 . . . . . . . . . 1 . Protector 1 | . . . . . . . . . . . . . . . . . . . . . . . . . 1 . . . . . . . . . . . . . Sentry 42 | . . . 7 . . . . 3 . 1 . . 1 . . 2 . . 4 . . 12 . . 4 4 1 . 2 . . . . . . . 1 . Specialist 4 | . . . . . . . . . . . . 1 . . . . . . . . . . . . 1 . . . . 2 . . . . . . . . Hunter 8 | . . . . . . . 1 . . . . . . . . 1 1 . 1 . . . . . 3 . . . . . . . . . . . 1 . Programmer 39 | . . . . . . . . . 1 1 1 . 3 . . . . . 4 2 2 . . . 6 8 2 . 2 2 . . . . . . 4 1 Heavy 1 | . . . . . . . . . . . . . . . . . . . . . . . . . 1 . . . . . . . . . . . . . Behemoth 4 | . . . . . . . . . . . . . . . . . . . . . . 1 . . . . . . . 1 . . . 2 . . . . Compactor 2 | . . . . . . . . . . . . . . . . . . . . . . . . . . . . 2 . . . . . . . . . . Cetus Guard 6 | . . . . . . . . . . . . . . . . . . . . . . . 6 . . . . . . . . . . . . . . . Combat Programmer 2 | . . . . . . . . . . . . . . . . . . . . . . . . . . . . . . . . . . . . . . 2 Striker 1 | . . . . . . . . . . . . . . . . . . . . 1 . . . . . . . . . . . . . . . . . . Executioner 1 | . . . . . . . . . . . . . . . . . . . . 1 . . . . . . . . . . . . . . . . . . Assembled 1 | . . 1 . . . . . . . . . . . . . . . . . . . . . . . . . . . . . . . . . . . . Thug 1 | . . . 1 . . . . . . . . . . . . . . . . . . . . . . . . . . . . . . . . . . . Savage 1 | . . . . . . . . . . . . . . . . . . . . . . . 1 . . . . . . . . . . . . . . . Guerrilla 2 | . . . . . . . . . . . . . . . . . . . . . . 1 . 1 . . . . . . . . . . . . . . Infiltrator 1 | . . . . . . . . . . . . . . . . . 1 . . . . . . . . . . . . . . . . . . . . . Best Kill Streak 8 | 2 5 2 5 1 . 3 6 7 2 2 8 7 7 . 1 7 7 . 4 2 5 5 4 3 8 6 3 2 7 4 1 . 4 5 1 . 6 2 Combat Bots Only 8 | . 4 2 5 . . 3 3 7 1 2 4 4 4 . . 7 5 . 4 2 3 5 4 . 8 6 2 2 2 4 . . 1 5 1 . 6 2 Max Kills in Single Turn 5 | 1 2 2 2 1 . 2 1 3 1 1 3 3 5 . 1 4 2 . 2 1 3 1 2 1 2 2 1 1 2 2 1 . 1 1 1 . 5 1 Gunslinging 1 | . . . . . . 1 . 1 . . . . . . . . . . . . . . . . . . . . . . . . . . . . . . Exploded 5 | . 2 2 . . . . . 3 . . 3 3 4 . . 4 2 . 2 . 2 . . . . . . . 1 1 . . . . . . 5 . Melee 1 | . . . . . . . . . 1 1 1 1 1 . . 1 1 . 1 1 1 1 . . . . 1 . 1 1 . . 1 1 1 . 1 1 Uniques/NPCs Destroyed 4 | . . . . . . . . 1 . . . . . . . . . . . . . . 1 . . . . . . . . . . . . . . 2 HV-R5K (-8/Garrison) A7 (-5/Cetus) MAIN.C Shell (-1/Command) MAIN.C (-1/Command) Combat | -11 -10 -10 -9 -9 -9 -8 -8 -8 -7 -7 -7 -7 -6 -6 -6 -6 -5 -5 -5 -5 -5 -5 -5 -5 -5 -5 -4 -4 -4 -4 -4 -4 -3 -3 -2 -2 -1 -1 -------- Run | Yrd Mat Min Mat Min Exi Min Mat Gar Fac Gar Fac Gar Fac Was Fac Gar Fac Was Fac Gar Fac Ext Cet Arc Hub Gar Fac Was Fac Gar Fac Gar Res Gar Res Gar Acc Com Hostile Shots Fired 1776 | . 98 11 75 . . 5 31 90 17 120 52 19 96 . . 68 33 . 30 11 99 34 2 11 94 130 92 6 46 143 1 9 16 108 12 3 149 65 Missed 648 | . 23 3 22 . . 1 1 26 10 41 23 11 45 . . 38 17 . 17 4 49 13 1 4 30 20 22 2 15 37 . 3 10 37 11 2 79 31 Hits 1128 | . 75 8 53 . . 4 30 64 7 79 29 8 51 . . 30 16 . 13 7 50 21 1 7 64 110 70 4 31 106 1 6 6 71 1 1 70 34 Melee 62 | . . 1 2 . . . . . . 3 . . . . . . . . . 1 . . . . 6 . 4 4 . 23 . . . 18 . . . . Projectile 1066 | . 75 7 51 . . 4 30 64 7 76 29 8 51 . . 30 16 . 13 6 50 21 1 7 58 110 66 . 31 83 1 6 6 53 1 1 70 34 AOE 3 | . . . . . . . . . . . . . 1 . . . . . . . . . . . 2 . . . . . . . . . . . . . Critical Strikes 70 | . . . 1 . . . . 2 . . 1 1 . . . 1 1 . 1 . 13 1 1 . 4 2 7 1 . 17 . . . 7 . . 4 5 Actively Blocked 31 | . . . . . . . . . . . . . . . . . . . . . . . . . . . . . . 15 . . . 7 . . 4 5 Part Disruptions 6 | . . . . . . . . . . . . . . . . . . . . . . . . . . . . . . 4 . . . . . . 1 1 Damage Taken 19946 | . 741 209 532 . . 22 353 561 182 1065 485 119 580 . . 546 365 . 262 295 852 547 51 192 1855 1197 1497 155 669 1822 20 59 215 1326 25 28 1678 1441 Core 2559 | . 101 67 23 . . . 35 43 10 365 156 31 75 . . 109 42 . 66 87 122 107 . . 40 106 109 . 39 245 . 13 . 157 . . 164 247 Absorbed by Shields 2445 | . . . 176 . . 9 135 219 5 13 . . . . . . . . 18 . . 55 23 . . 969 . . . 467 . 22 . 280 . . . 54 Reduced by Siege Mode 381 | . . . . . . . . . . . . . . . . . . . . . . . . . 125 88 168 . . . . . . . . . . . Redirected to Shielding 283 | . . . . . . . . . 7 11 31 . 17 . . . . . . . . . . . . . . . . . . . 17 84 . . 116 . Ignored by Resistances 110 | . . . . . . . . . . . . . . . . . . . . . . . . . 94 16 . . . . . . . . . . . . Regen/Repaired (Parts) 1465 | . . . . . . . . . 88 35 . . . . 157 . . . 66 . . . 27 73 315 282 299 43 . . 53 . . . . . 27 . Core Remaining (%) 70 | 100 . 32 . . . 94 . 85 . . . 19 . . . 78 . . . . . . . . . 43 . . . . . 64 . 87 . 100 . 74 Volleys Fired 1014 | 33 73 22 66 . . 4 23 44 14 40 16 4 24 . 10 38 52 . 62 3 11 102 32 27 85 85 58 12 14 23 1 4 6 . . . 10 16 Largest 2 | 2 2 2 2 . . 2 2 2 1 1 1 1 1 . 1 1 1 . 2 1 1 1 2 2 2 2 2 2 1 1 1 1 1 . . . 1 2 Hottest 164 | 60 60 100 50 . . 48 48 86 10 100 80 36 45 . 35 51 113 . 164 100 51 51 70 70 70 70 70 70 100 100 7 7 7 . . . 100 100 Shots Fired 1476 | 39 145 28 132 . . 8 46 84 14 40 16 4 24 . 10 38 52 . 65 3 11 99 44 50 165 159 99 22 14 23 1 4 6 . . . 10 21 Gun 986 | 39 141 6 132 . . 8 46 81 . 9 . . . . . . . . . . . . 44 46 159 149 85 22 10 4 . . . . . . . 5 Cannon 290 | . 4 6 . . . . . . . 9 5 . 5 . 10 28 48 . 55 2 7 80 . . . . . . 4 8 . . . . . . 9 10 Launcher 45 | . . 3 . . . . . 3 . 2 6 4 8 . . 7 3 . 6 . 2 . . . . . . . . . . . . . . . 1 . Special 155 | . . 13 . . . . . . 14 20 5 . 11 . . 3 1 . 4 1 2 19 . 4 6 10 14 . . 11 1 4 6 . . . . 6 Kinetic 1174 | 33 139 12 132 . . 8 46 46 . 17 . . . . . 28 45 . 43 . 7 80 44 46 159 149 85 22 10 4 . . . . . . 8 11 Thermal 103 | . . 13 . . . . . 35 . 1 5 . 5 . 10 . 3 . 12 2 . . . . . . . . 4 8 . . . . . . 1 4 Explosive 45 | . . 3 . . . . . 3 . 2 6 4 8 . . 7 3 . 6 . 2 . . . . . . . . . . . . . . . 1 . Electromagnetic 12 | 6 6 . . . . . . . . . . . . . . . . . . . . . . . . . . . . . . . . . . . . . Robot Hit Streak 39 | 9 22 7 8 . . 2 14 11 22 5 6 3 5 . . 5 8 . 3 4 7 39 7 11 24 17 28 6 7 3 4 3 5 . . . . 20 Robot Miss Streak 12 | 2 5 2 12 . . 4 2 5 1 6 3 . 4 . . 1 1 . 3 . . 2 2 3 3 3 6 1 3 2 . 1 1 . . . . 2 Penetration Max 2 | . . . . . . . . . . . . . . . . . . . . . . 1 2 1 1 1 1 1 1 1 . . . . . . . 1 Secondary Targets 22 | . 1 . 3 . . 1 1 2 . . . . . . . . . . . . . . . . 5 7 1 1 . . . . . . . . . . Max Gunslinging Chain 1 | . 1 . 1 . . 1 1 1 . . . . . . . . . . . . . . . . 1 1 1 1 . . . . . . . . . . Shots Hit Robots 1340 | 31 103 9 94 . . 5 37 57 25 24 54 2 49 . 9 22 28 . 21 19 16 54 36 34 120 111 82 18 27 40 2 3 20 56 3 . 99 30 Core Hits 671 | 12 36 12 47 1 . 4 16 34 5 6 29 10 49 . 3 25 16 . 23 9 8 30 26 16 66 44 32 8 16 21 1 . 5 20 1 . 23 17 Critical Kills 68 | . . . 1 . . . . 1 . . . . . . . 1 2 . 6 1 . 14 6 6 12 8 7 2 1 . . . . . . . . . Critical Parts Destroyed 97 | . . . 1 . . . . . . . 1 . . . . 7 11 . 11 . 1 13 5 4 14 17 12 . . . . . . . . . . . Critical Strikes 213 | . . . 2 . . . . 4 . 1 7 . 2 . . 9 18 . 17 4 2 29 12 11 28 26 22 5 2 1 . . 1 1 1 . 7 1 Burn 3 | . . . . . . . . 3 . . . . . . . . . . . . . . . . . . . . . . . . . . . . . . Meltdown 3 | . . . . . . . . . . . . . . . . . . . 1 1 . . . . . . . . 1 . . . . . . . . . Destroy 168 | . . . 2 . . . . 1 . . . . . . . 8 13 . 12 . 1 28 12 11 28 26 21 5 . . . . . . . . . . Smash 12 | . . . . . . . . . . . 1 . . . . 1 5 . 4 . . 1 . . . . . . . . . . . . . . . . Sever 5 | . . . . . . . . . . 1 2 . 2 . . . . . . . . . . . . . . . . . . . . . . . . . Impale 22 | . . . . . . . . . . . 4 . . . . . . . . 3 1 . . . . . 1 . 1 1 . . 1 1 1 . 7 1 Melee Attacks 934 | . . . . . . . . 23 14 11 82 6 94 . 16 61 18 . 57 36 52 10 7 . 2 . 11 4 19 61 9 1 33 73 7 5 189 33 Impact 173 | . . . . . . . . 23 . . 14 . . . . 34 18 . 52 9 21 2 . . . . . . . . . . . . . . . . Slashing 187 | . . . . . . . . . 14 11 19 6 94 . 16 27 . . . . . . . . . . . . . . . . . . . . . . Piercing 488 | . . . . . . . . . . . 49 . . . . . . . 5 27 31 8 7 . 2 . 11 4 19 61 9 1 19 59 5 4 144 23 Sneak Attacks 155 | . . . . . . . . . 5 . 19 . 14 . 3 3 6 . 8 5 4 2 7 . . . 2 . 6 3 1 . 11 18 2 . 35 1 Combat Hostiles 17 | . . . . . . . . . 1 . . . 3 . . 1 1 . 2 . . . . . . . . . . . . . 3 . . . 6 . Follow-up Attacks 9 | . . . . . . . . . . . 3 . . . . . . . 2 2 2 . . . . . . . . . . . . . . . . . Damage Inflicted 52589 | 288 1017 308 1776 26 . 85 569 1419 1347 853 2997 692 3565 . 659 2615 2117 . 3391 1268 1434 1228 957 493 3785 3317 1717 416 2152 2503 95 . 703 2908 47 . 4304 1538 Guns 15181 | 288 806 38 1697 . . 69 561 1071 . 27 . . . . . . . . . . . . 572 493 3778 3317 1569 398 182 74 . . . . . . . 241 Cannons 4750 | . 68 75 . . . . . . . 412 52 . . . . 211 458 . 673 265 18 857 . . . . . . 506 591 . . . . . . . 564 Explosions 9306 | . 102 183 . . . . . 348 . . 989 648 1274 . . 1389 453 . 1429 72 487 . . . . . . . 489 496 . . . . . . 552 395 Melee 23123 | . . . . . . . . . 1347 414 1956 44 2291 . 659 1015 1206 . 1289 931 929 371 385 . . . 148 . 975 1320 95 . 703 2908 47 . 3752 338 Ramming 229 | . 41 12 79 26 . 16 8 . . . . . . . . . . . . . . . . . 7 . . 18 . 22 . . . . . . . . Kinetic 16904 | 218 824 113 1697 . . 69 561 591 . 259 . . . . . 211 365 . 291 . 18 857 572 493 3778 3317 1569 398 182 74 . . . . . . . 447 Thermal 4647 | . 102 . . . . . . 480 . 180 52 . . . . . 93 . 568 337 . . . . . . . . 995 1087 . . . . . . . 753 Explosive 7535 | . . 183 . . . . . 348 . . 989 648 1274 . . 1389 453 . 1243 . 487 . . . . . . . . . . . . . . . 521 . Electromagnetic 151 | 70 50 . . . . . . . . . . . . . . . . . . . . . . . . . . . . . . . . . . . 31 . Impact 3780 | . . . . . . . . . . . 535 . . . . 458 1206 . 1090 47 399 45 . . . . . . . . . . . . . . . . Slashing 5541 | . . . . . . . . . 1347 414 229 44 2291 . 659 557 . . . . . . . . . . . . . . . . . . . . . . Piercing 13802 | . . . . . . . . . . . 1192 . . . . . . . 199 884 530 326 385 . . . 148 . 975 1320 95 . 703 2908 47 . 3752 338 Highest Corruption 28 | . . . . . . . . 2 . 1 2 2 2 2 . . 1 8 8 1 5 12 12 12 3 12 2 17 19 28 28 28 1 1 . . 6 8 Average Corruption 6 | . . . . . . . . 1 . 1 1 2 1 1 . . 1 4 7 1 1 7 12 8 1 9 1 12 17 19 28 28 1 1 . . 4 5 Corruption Purged 29 | . . . . . . . . . . . . . 1 2 . . . . 8 . . . . 13 . . . . . . . . . . . . . 5 Corruption Blocked . | . . . . . . . . . . . . . . . . . . . . . . . . . . . . . . . . . . . . . . . Effects 339 | . . . . . . . . 6 . 4 12 . 4 . . . . 2 17 2 10 44 26 13 11 44 4 8 25 35 11 8 2 5 . . 27 19 Message Errors 72 | . . . . . . . . 1 . 2 2 . 2 . . . . 1 1 . 3 7 5 4 1 13 1 4 4 10 2 1 . . . . 5 3 Matter Fused 89 | . . . . . . . . 4 . 1 3 . . . . . . . 3 2 4 16 6 4 4 8 1 . 7 7 3 2 . 1 . . 10 3 Heat Flow Errors 42 | . . . . . . . . . . . . . . . . . . . 4 . . 4 3 4 1 10 . . 1 4 1 . 1 . . . 6 3 Energy Discharges 43 | . . . . . . . . . . 1 4 . . . . . . 1 4 . 1 4 4 . 2 3 . 1 5 4 1 1 . 2 . . 4 1 Parts Rejected 4 | . . . . . . . . . . . . . . . . . . . . . . 2 . . . . . . 1 . . . . . . . 1 . Parts Fused 9 | . . . . . . . . . . . 1 . . . . . . . . . . 2 . . . . 1 . . 1 . . . 1 . . 1 2 Data Loss (minor) 29 | . . . . . . . . . . . 2 . 1 . . . . . 2 . 2 3 4 1 1 1 . 1 1 3 2 1 . 1 . . . 3 Data Loss (major) 14 | . . . . . . . . 1 . . . . . . . . . . 2 . . 2 1 . 1 2 1 . 1 1 . . . . . . . 2 Misfires 7 | . . . . . . . . . . . . . . . . . . . 1 . . . 1 . 1 3 . . . 1 . . . . . . . . Alerts 12 | . . . . . . . . . . . . . 1 . . . . . . . . 1 . . . 2 . . 3 2 . 1 1 . . . . 1 Misdirections 9 | . . . . . . . . . . . . . . . . . . . . . . . . . . . . 2 2 1 2 2 . . . . . . Weapon Failures 9 | . . . . . . . . . . . . . . . . . . . . . . 3 2 . . 2 . . . 1 . . . . . . . 1 Overload Shots . | . . . . . . . . . . . . . . . . . . . . . . . . . . . . . . . . . . . . . . . Overflow Damage 5700 | . . . . . . . . . 295 52 320 18 307 . 130 475 632 . 1058 154 411 45 27 . . . . . 392 112 . . 110 253 . . 751 158 Projectiles 696 | . . . . . . . . . . . . . . . . 8 . . 189 135 . . . . . . . . 197 37 . . . . . . . 130 Explosions 420 | . . . . . . . . . . . 51 18 4 . . 74 30 . 111 . 75 . . . . . . . 57 . . . . . . . . . Melee 4584 | . . . . . . . . . 295 52 269 . 303 . 130 393 602 . 758 19 336 45 27 . . . . . 138 75 . . 110 253 . . 751 28 Knockbacks 17 | . 3 . 1 . . . . . . . . . . . . 4 3 . 3 1 . 1 . . . . . . . . . . . . . . . 1 Impact 10 | . 1 . 1 . . . . . . . . . . . . 3 2 . 2 1 . . . . . . . . . . . . . . . . . . Kinetic 6 | . 2 . . . . . . . . . . . . . . . 1 . 1 . . 1 . . . . . . . . . . . . . . . 1 Secondary 1 | . . . . . . . . . . . . . . . . 1 . . . . . . . . . . . . . . . . . . . . . . Self-Inflicted Damage 427 | . 39 82 . . . . . 17 . 52 36 4 19 . . 140 . . . . . . . . . . . . . . . . . . . . 38 . Shots 14 | . 1 4 . . . . . 1 . 1 2 1 1 . . 2 . . . . . . . . . . . . . . . . . . . . 1 . Rammed 25 | . 9 1 11 1 . 1 . . . . . . . . . . . . . . . . . . 1 . . 1 . . . . . . . . . . Targets Rammed 34 | . 10 1 15 1 . 3 1 . . . . . . . . . . . . . . . . . 1 . . 1 . 1 . . . . . . . . Kicked 1 | . . . . . . . . . . . . . . . . . . . . . . . . . . . . . . 1 . . . . . . . . Crushed 8 | . 1 . 4 . . 2 1 . . . . . . . . . . . . . . . . . . . . . . . . . . . . . . . Highest Temperature 461 | 40 91 60 461 . . . 90 86 . 120 190 42 211 118 5 111 223 77 235 . 55 245 241 337 162 267 11 . 263 199 250 . 227 3 162 90 272 341 Average Temperature 57 | 19 14 19 67 . . . 25 22 . 54 81 16 139 118 5 34 42 43 60 . 21 60 63 133 46 108 11 . 142 68 41 . 14 2 64 56 63 64 Received Heat Transfer 2568 | . 150 57 141 . . . 126 181 6 183 27 54 102 . . 132 18 . 27 . 105 105 4 27 220 175 202 . 84 85 . 18 21 177 9 9 90 33 Effects 1 | . . . . . . . . . . . . . . . . . . . . . . . . . . . . . . . . . . . . . . 1 Shutdowns 1 | . . . . . . . . . . . . . . . . . . . . . . . . . . . . . . . . . . . . . . 1 Siege Activations 19 | . . . . . . . . . . . . . . . . . . . . . . . 1 . 8 7 3 . . . . . . . . . . . Total Turns 396 | . . . . . . . . . . . . . . . . . . . . . . . 14 . 99 184 99 . . . . . . . . . . . Longest Duration 70 | . . . . . . . . . . . . . . . . . . . . . . . 14 . 29 49 70 . . . . . . . . . . . Martial Activations . | . . . . . . . . . . . . . . . . . . . . . . . . . . . . . . . . . . . . . . . Shielding Activations . | . . . . . . . . . . . . . . . . . . . . . . . . . . . . . . . . . . . . . . . Robots Disrupted . | . . . . . . . . . . . . . . . . . . . . . . . . . . . . . . . . . . . . . . . Combat Hostiles . | . . . . . . . . . . . . . . . . . . . . . . . . . . . . . . . . . . . . . . . Robots Corrupted 16 | . . . . . . . . . . . 2 . . . . 3 5 . 4 . 1 1 . . . . . . . . . . . . . . . . Combat Hostiles 3 | . . . . . . . . . . . . . . . . 2 . . . . . 1 . . . . . . . . . . . . . . . . Parts Fried 40 | . . . . . . . . . . . 9 . . . . 6 7 . 7 2 6 2 1 . . . . . . . . . . . . . . . Impact Corruptions 48 | . . . . . . . . . . . 4 . . . . 6 14 . 18 . 5 1 . . . . . . . . . . . . . . . . Robots Melted 5 | . . . . . . . . 1 . . . . . . . . . . 1 1 . . . . . . . . 1 . . . . . . . . 1 Combat Hostiles 5 | . . . . . . . . 1 . . . . . . . . . . 1 1 . . . . . . . . 1 . . . . . . . . 1 Parts Melted 7 | . . . . . . . . 1 . . . . . . . . . . 3 2 . . . . . . . . 1 . . . . . . . . . Heat Transferred 4628 | . 150 . . . . . . 1110 . 80 100 . . . . . 74 . 394 240 . . . . . . . . 800 1040 . . . . . . . 640 Parts Sabotaged 1 | . . . . . . . . . . . . . . . . . . . . . . . . . 1 . . . . . . . . . . . . . Parts Stolen . | . . . . . . . . . . . . . . . . . . . . . . . . . . . . . . . . . . . . . . . Parts Stripped . | . . . . . . . . . . . . . . . . . . . . . . . . . . . . . . . . . . . . . . . Power Chain Reactions 1 | . 1 . . . . . . . . . . . . . . . . . . . . . . . . . . . . . . . . . . . . . Alert | -11 -10 -10 -9 -9 -9 -8 -8 -8 -7 -7 -7 -7 -6 -6 -6 -6 -5 -5 -5 -5 -5 -5 -5 -5 -5 -5 -4 -4 -4 -4 -4 -4 -3 -3 -2 -2 -1 -1 ------- Run | Yrd Mat Min Mat Min Exi Min Mat Gar Fac Gar Fac Gar Fac Was Fac Gar Fac Was Fac Gar Fac Ext Cet Arc Hub Gar Fac Was Fac Gar Fac Gar Res Gar Res Gar Acc Com Maximum Alert Level 5 | . . . 1 . . . . 4 2 3 2 3 3 1 1 4 3 . 1 1 . 2 2 1 4 5 4 . . 2 1 . . 3 2 2 5 5 Low Security (%) 36 | 100 100 100 45 100 . 100 100 5 . . . . . . 64 5 . 100 64 73 100 72 . 53 8 . . 100 100 22 71 100 100 10 . . . . Level 1 21 | . . . 54 . . . . 21 . 7 81 . . 100 35 18 41 . 35 26 . 24 78 46 3 . 25 . . 24 28 . . 28 . . 28 . Level 2 17 | . . . . . . . . 27 100 38 18 78 73 . . 24 2 . . . . 3 21 . 24 . 25 . . 53 . . . 14 100 100 22 . Level 3 14 | . . . . . . . . 34 . 53 . 21 26 . . 9 55 . . . . . . . 46 20 30 . . . . . . 45 . . 40 . Level 4 6 | . . . . . . . . 11 . . . . . . . 41 . . . . . . . . 17 52 17 . . . . . . . . . 8 . Level 5 3 | . . . . . . . . . . . . . . . . . . . . . . . . . . 27 . . . . . . . . . . . 100 High Security . | . . . . . . . . . . . . . . . . . . . . . . . . . . . . . . . . . . . . . . . Max Security . | . . . . . . . . . . . . . . . . . . . . . . . . . . . . . . . . . . . . . 1 . Peak Influence 3380 | 10 153 134 396 146 . 70 95 1176 619 957 696 858 917 320 236 1406 754 96 376 330 172 411 463 274 1307 2015 1181 119 141 652 342 127 190 908 549 527 3380 3011 Initial 2355 | . . 54 20 146 . . . 18 617 395 501 487 450 320 224 117 737 91 67 30 172 1 209 116 37 909 1057 119 16 98 342 11 71 112 510 411 316 2355 Average 477 | 1 33 42 222 114 . 7 44 645 583 710 330 616 581 320 190 845 525 90 182 166 81 157 353 193 802 1408 727 74 30 393 215 39 140 548 507 465 670 2600 Influence Increases 23173 | 25 453 200 994 5 . 80 159 1168 172 802 865 371 1009 . 114 1389 462 15 791 320 238 1373 352 283 2098 1146 529 4 295 714 64 136 357 936 119 116 3987 1032 Destroy 0b10 Robot/C 8260 | . 280 60 580 . . 60 120 680 80 180 200 100 280 . . 460 160 . 260 140 40 660 160 80 820 620 300 . 100 320 . 20 100 400 20 . 620 360 Destroy 0b10 Robot/NC 855 | 25 25 5 85 5 . 10 10 . 25 . 105 . 75 . 20 20 55 . 40 10 30 30 10 30 70 . 25 . 45 5 5 . 25 15 . . 40 10 Destroy Leader 1364 | . 54 20 188 . . 10 24 40 26 20 42 10 80 . 6 30 58 . 84 10 26 52 . . 212 50 74 . 42 20 . . 2 20 . . 122 42 Allied During Kill 2215 | . . . 64 . . . . 34 11 7 . . . . . 134 15 . . 10 . 470 170 108 582 63 46 . . 5 . 4 6 59 . . 105 322 Trap Triggered on 0b10 140 | . . . . . . . . . . . . . . . . 30 . . . 20 . . . . 80 . 10 . . . . . . . . . . . Successful Hack 879 | . 28 . 47 . . . 4 30 . . 43 . 135 . 19 . 42 . 82 10 24 29 . . 27 18 . . 35 . 28 32 129 16 12 16 69 4 Disable Machine 795 | . . 60 30 . . . . . . 45 150 . 15 . 15 90 15 . 15 . . 30 . 45 75 15 30 . 30 15 . . 15 . . . 60 45 Anti-Garrison Action 1700 | . . . . . . . . 300 . 100 . 150 . . . 400 . . . 50 . . . . . 300 . . . 150 . 50 . 100 . 100 . . Destroy Structure 1835 | . 6 40 . . . . 1 84 . 30 85 51 94 . 9 180 72 . 130 55 118 42 12 20 142 35 44 4 28 79 16 . 20 11 12 . 316 99 Partial Spotted 750 | . . . . . . . . . 15 . 60 . 45 . . . . 15 105 . . 30 . . 15 15 . . . 30 15 30 60 30 . . 135 150 Lose Combat Pursuer 2280 | . 60 15 . . . . . . 15 420 180 60 285 . 45 45 45 . 75 15 . 30 . . 75 30 . . 15 90 . . . 285 75 . 420 . Miscellaneous 2100 | . . . . . . . . . . . . . . . . . . . . . . . . . . . . . . . . . . . . . 2100 . Influence Decreases 20520 | 25 314 286 671 300 81 80 130 21 783 410 1126 209 950 597 266 151 1607 180 843 34 564 1002 436 465 908 430 2202 323 178 202 700 25 334 178 478 138 1222 1671 Entered New Map 8543 | . . 85 33 230 81 . . 11 559 170 456 209 408 597 96 51 669 170 29 14 158 3 166 175 72 390 958 223 7 42 310 5 56 38 398 138 211 1325 Time Decay 7074 | 25 284 201 598 70 . 80 130 . 214 . 440 . 502 . 170 . 278 10 474 . 356 445 270 270 482 . 404 80 171 . 90 . 198 . 80 . 506 246 Lost Part 460 | . 30 . . . . . . 10 10 60 20 . 20 . . 10 10 . 20 . 30 10 . . 10 . 10 20 . 60 . . . 60 . . 30 40 Lost Ally 1618 | . . . 40 . . . . . . 180 60 . 20 . . 90 50 . 20 20 20 244 . 20 194 40 80 . . 100 . 20 80 80 . . 200 60 Purge Threat 2825 | . . . . . . . . . . . 150 . . . . . 600 . 300 . . 300 . . 150 . 750 . . . 300 . . . . . 275 . Squads Dispatched 85 | . 2 1 2 . . . . . 2 . 6 . 12 . 2 . 5 . 5 . 1 1 . . 14 . 3 . 2 . 1 . 4 . 2 . 15 5 Investigation 19 | . 1 . . . . . . . . . . . 5 . 1 . 2 . 1 . . . . . 1 . 1 . . . 1 . 1 . 1 . 4 . Extermination 28 | . . . . . . . . . 1 . 2 . 4 . 1 . 3 . 3 . 1 . . . 3 . 2 . 1 . . . 1 . 1 . 4 1 Reinforcement 23 | . 1 . 2 . . . . . 1 . 4 . 2 . . . . . . . . 1 . . 6 . . . 1 . . . 2 . . . 3 . Assault 11 | . . 1 . . . . . . . . . . 1 . . . . . . . . . . . 4 . . . . . . . . . . . 1 4 Garrison 4 | . . . . . . . . . . . . . . . . . . . 1 . . . . . . . . . . . . . . . . . 3 . Intercept . | . . . . . . . . . . . . . . . . . . . . . . . . . . . . . . . . . . . . . . . Searches Triggered . | . . . . . . . . . . . . . . . . . . . . . . . . . . . . . . . . . . . . . . . Unchained Authorized 2 | . . . . . . . . . . . . . . . . . . . . . 1 . . . . . . . . . . . . . . . 1 . Construction Impeded 1 | . . . . . . . . . . . . . . . . . . . . . . . . . . . . . 1 . . . . . . . . . Haulers Reinforced 4 | . . . . . . . . . 1 . 3 . . . . . . . . . . . . . . . . . . . . . . . . . . . Active Scanning Responses . | . . . . . . . . . . . . . . . . . . . . . . . . . . . . . . . . . . . . . . . Cargo Convoy Interrupts 2 | . . . . . . . . . . . . . 1 . . . . . 1 . . . . . . . . . . . . . . . . . . . Stealth | -11 -10 -10 -9 -9 -9 -8 -8 -8 -7 -7 -7 -7 -6 -6 -6 -6 -5 -5 -5 -5 -5 -5 -5 -5 -5 -5 -4 -4 -4 -4 -4 -4 -3 -3 -2 -2 -1 -1 --------- Run | Yrd Mat Min Mat Min Exi Min Mat Gar Fac Gar Fac Gar Fac Was Fac Gar Fac Was Fac Gar Fac Ext Cet Arc Hub Gar Fac Was Fac Gar Fac Gar Res Gar Res Gar Acc Com Distress Signals 31 | . 2 . 2 . . . 1 . . . 4 . 1 . 1 . . . 1 . . 2 2 . 1 . 1 . . . . . 2 . . . 2 9 Communications Jammed 151 | . . . . . . . . . . . . . 19 . 1 . 4 . 16 . . 13 . . 30 . 25 . . . 4 . 12 . . . 27 . Distress Signals 147 | . . . . . . . . . . . . . 18 . 1 . 4 . 15 . . 13 . . 28 . 25 . . . 4 . 12 . . . 27 . Times Spotted 750 | . 30 4 42 . . 1 7 28 7 45 33 11 45 3 7 27 18 3 24 8 23 31 6 12 56 36 22 6 9 22 6 4 11 42 11 4 77 29 Peak Tracking Total 9 | . 6 2 7 . . 1 3 8 3 8 7 8 6 3 5 8 7 3 5 3 7 6 5 1 8 5 4 4 3 6 3 2 4 8 5 5 7 9 Tactical Retreats 72 | . 3 1 . . . . . . 1 9 7 1 10 . 1 1 1 . 5 1 . 2 . . 3 2 . . 1 2 . . . 7 2 . 12 . Traps | -11 -10 -10 -9 -9 -9 -8 -8 -8 -7 -7 -7 -7 -6 -6 -6 -6 -5 -5 -5 -5 -5 -5 -5 -5 -5 -5 -4 -4 -4 -4 -4 -4 -3 -3 -2 -2 -1 -1 ------- Run | Yrd Mat Min Mat Min Exi Min Mat Gar Fac Gar Fac Gar Fac Was Fac Gar Fac Was Fac Gar Fac Ext Cet Arc Hub Gar Fac Was Fac Gar Fac Gar Res Gar Res Gar Acc Com Traps Triggered 65 | . 2 . 1 . . . . 2 . 4 4 2 3 . . 3 2 . 1 4 3 2 . . . 3 1 . 1 7 2 3 2 3 . 2 2 6 Indirectly . | . . . . . . . . . . . . . . . . . . . . . . . . . . . . . . . . . . . . . . . Trap Hack Attempts 2 | . . . . . . . . . . . . . . . . . . . . . . . . . . . . . . . . . . . . 2 . . Triggered . | . . . . . . . . . . . . . . . . . . . . . . . . . . . . . . . . . . . . . . . Disarmed 6 | . . . . . . . . . . . . . . . 6 . . . . . . . . . . . . . . . . . . . . . . . Reprogrammed 8 | . . . . . . . . . . . . . . . . . 1 . 6 . . . . . . . . . . . . . . . . 1 . . Reused 5 | . . . . . . . . . . . . . . . . 3 . . . 2 . . . . . . . . . . . . . . . . . . Traps Extracted 1 | . . . . . . . . . . . . . . . . 1 . . . . . . . . . . . . . . . . . . . . . . Installed 6 | . . . . . . . . . . . . . . . . 4 . . . 2 . . . . . . . . . . . . . . . . . . Triggered 14 | . . . . . . . . . . . . . . . . 3 . . . 2 . . . . 8 . 1 . . . . . . . . . . . Most Traps Carried 6 | . . . . . . . . . . . . . . . . 6 5 5 5 5 . . . . . . . . . . . . . . . . . . Machines | -11 -10 -10 -9 -9 -9 -8 -8 -8 -7 -7 -7 -7 -6 -6 -6 -6 -5 -5 -5 -5 -5 -5 -5 -5 -5 -5 -4 -4 -4 -4 -4 -4 -3 -3 -2 -2 -1 -1 ---------- Run | Yrd Mat Min Mat Min Exi Min Mat Gar Fac Gar Fac Gar Fac Was Fac Gar Fac Was Fac Gar Fac Ext Cet Arc Hub Gar Fac Was Fac Gar Fac Gar Res Gar Res Gar Acc Com Machines Disabled 87 | . . 4 3 . . . . 3 . 6 10 4 1 . 1 14 1 . 1 2 . 3 . 3 5 5 2 . 2 4 . 1 1 2 . 2 4 3 Max in Single Turn 5 | . . 4 1 . . . . 1 . 3 5 1 1 . 1 1 1 . 1 1 . 1 . 1 1 1 1 . 1 1 . 1 1 1 . 1 2 1 Garrison Access 16 | . . . . . . . . . . . 1 . 1 . . . . . 2 . 4 . . . . . . . . . . . 2 . . . 6 . Garrison Relay 27 | . . . . . . . . 3 . 2 . 2 . . . 7 . . . 1 . . . . . 4 . . . 3 . 1 . 2 . 2 . . Phase Generator 1 | . . . . . . . . . . . . 1 . . . . . . . . . . . . . . . . . . . . . . . . . . Network Hub 2 | . . . . . . . . . . . . . . . . . . . . . . . . . 2 . . . . . . . . . . . . . Machines Repaired . | . . . . . . . . . . . . . . . . . . . . . . . . . . . . . . . . . . . . . . . Machines Dismantled . | . . . . . . . . . . . . . . . . . . . . . . . . . . . . . . . . . . . . . . . Machines Sabotaged . | . . . . . . . . . . . . . . . . . . . . . . . . . . . . . . . . . . . . . . . Overloaded Fab Kills . | . . . . . . . . . . . . . . . . . . . . . . . . . . . . . . . . . . . . . . . Hacking | -11 -10 -10 -9 -9 -9 -8 -8 -8 -7 -7 -7 -7 -6 -6 -6 -6 -5 -5 -5 -5 -5 -5 -5 -5 -5 -5 -4 -4 -4 -4 -4 -4 -3 -3 -2 -2 -1 -1 --------- Run | Yrd Mat Min Mat Min Exi Min Mat Gar Fac Gar Fac Gar Fac Was Fac Gar Fac Was Fac Gar Fac Ext Cet Arc Hub Gar Fac Was Fac Gar Fac Gar Res Gar Res Gar Acc Com Machines Accessed 190 | . 6 . 11 . 1 . 1 4 4 2 10 . 20 . 8 1 14 . 16 3 14 13 . . 6 2 1 . 3 2 7 2 11 1 4 1 19 3 Terminals 117 | . 6 . 10 . . . . 4 1 2 8 . 8 . 4 1 8 . 8 3 8 13 . . 5 2 1 . . 2 2 2 5 1 1 1 8 3 Fabricators 21 | . . . . . . . . . 1 . . . 6 . . . 4 . 2 . 1 . . . . . . . 1 . 2 . 2 . 1 . 1 . Repair Stations 6 | . . . . . . . . . . . . . . . 2 . . . 1 . . . . . . . . . 1 . 1 . . . . . 1 . Recycling Units 3 | . . . . . . . . . . . . . 1 . . . 1 . . . . . . . . . . . . . . . . . 1 . . . Scanalyzers 16 | . . . 1 . . . . . 1 . . . 4 . 1 . 1 . 2 . 1 . . . . . . . . . 1 . 1 . . . 3 . Garrison Access 26 | . . . . . . . 1 . 1 . 2 . 1 . 1 . . . 3 . 4 . . . 1 . . . 1 . 1 . 3 . 1 . 6 . Total Hacks 572 | . 20 . 39 . 1 . 1 10 6 2 26 . 58 . 24 3 63 . 54 9 36 35 . . 13 11 4 . 7 6 39 10 39 3 13 3 33 4 Successful 291 | . 9 . 17 . 1 . 1 3 2 1 10 . 32 . 16 . 45 . 36 5 23 16 . . 8 1 1 . 4 . 14 2 21 1 6 1 14 1 Failed 278 | . 11 . 21 . . . . 7 4 1 16 . 26 . 8 3 17 . 18 4 13 19 . . 5 10 3 . 3 6 25 8 17 2 7 2 19 3 Catastrophic 50 | . . . 2 . . . . 2 1 1 3 . 3 . 2 . . . 3 1 1 5 . . . 2 1 . 1 2 1 3 3 1 2 . 8 2 Database Lockouts 3 | . . . 1 . . . . . . . . . . . . . 1 . . . . . . . . . . . . . . . 1 . . . . . Manual 234 | . 14 . 22 . 1 . . . 1 1 6 . 19 . 7 3 43 . 19 6 10 19 1 . 3 9 4 . 1 6 12 5 14 2 . 1 2 3 Terminals 379 | . 20 . 36 . . . . 10 1 2 23 . 21 . 13 3 46 . 34 9 28 35 . . 11 11 4 . . 6 7 10 19 3 3 3 17 4 Fabricators 70 | . . . . . . . . . 2 . . . 18 . . . 11 . 8 . 1 . . . . . . . 2 . 13 . 7 . 5 . 3 . Repair Stations 20 | . . . . . . . . . . . . . . . 6 . . . 2 . . . . . . . . . 3 . 8 . . . . . 1 . Recycling Units 10 | . . . . . . . . . . . . . 3 . . . 4 . . . . . . . . . . . . . . . . . 3 . . . Scanalyzers 56 | . . . 3 . . . . . 2 . . . 15 . 3 . 2 . 6 . 1 . . . . . . . . . 10 . 8 . . . 6 . Garrison Access 36 | . . . . . . . 1 . 1 . 3 . 1 . 2 . . . 4 . 6 . . . 2 . . . 2 . 1 . 5 . 2 . 6 . Terminal Hacks 110 | . 1 . 8 . 1 . . 3 . 1 6 . 4 . 6 . 17 . 12 5 11 12 . . 5 1 1 . . . 3 2 4 1 . 1 4 1 Record 1 | . . . 1 . . . . . . . . . . . . . . . . . . . . . . . . . . . . . . . . . . . Part Schematic 7 | . . . . . . . . . . . . . . . . . 2 . . . 2 2 . . 1 . . . . . . . . . . . . . Robot Analysis 1 | . . . . . . . . . . . . . . . . . . . . . . . . . . . . . . . . . 1 . . . . . Prototype ID Bank 13 | . . . 1 . . . . . . . 2 . 2 . 1 . 1 . 1 . 2 2 . . . . . . . . . . 1 . . . . . Open Door 10 | . . . . . . . . . . . . . . . . . . . 1 . 1 5 . . . . . . . . . . . . . . 2 1 Branch Access Points 4 | . . . 1 . . . . . . . . . . . . . . . . . 1 . . . . . . . . . 1 . . . . . 1 . Emergency Access Points 3 | . . . . . . . . 1 . . . . . . . . . . . 1 . . . . . . . . . . . . . . . . 1 . Terminal Index 6 | . . . 1 . . . . . . . . . . . . . 1 . . . 1 1 . . 1 . . . . . . . 1 . . . . . Fabricator Index 2 | . . . . . . . . . . . . . . . . . 2 . . . . . . . . . . . . . . . . . . . . . Repair Station Index 1 | . . . . . . . . . . . . . . . . . 1 . . . . . . . . . . . . . . . . . . . . . Garrison Index 2 | . . . . . . . . . . . . . . . 1 . . . 1 . . . . . . . . . . . . . . . . . . . Unreport Threat 12 | . . . . . . . . . . . 1 . . . . . 4 . 2 . . 2 . . . . 1 . . . 2 . . . . . . . Locate Traps 5 | . . . 2 . . . . . . . 1 . . . 1 . 1 . . . . . . . . . . . . . . . . . . . . . Disarm Traps 1 | . . . . . . . . . . . . . . . 1 . . . . . . . . . . . . . . . . . . . . . . . Reprogram Traps 2 | . . . . . . . . . . . . . . . . . 1 . 1 . . . . . . . . . . . . . . . . . . . Recall Extermination 3 | . . . . . . . . . . . . . . . . . 1 . 2 . . . . . . . . . . . . . . . . . . . Hauler Manifests 9 | . 1 . 1 . . . . . . . 1 . 1 . 1 . 1 . 1 . 2 . . . . . . . . . . . . . . . . . Registered Components 3 | . . . . . . . . . . . . . . . . . 1 . 1 . . . . . . . . . . . . . 1 . . . . . Registered Prototypes 5 | . . . . . . . . . . . . . 1 . 1 . 1 . 1 . 1 . . . . . . . . . . . . . . . . . Zone Layout 7 | . . . 1 . . . . . . . 1 . . . . . . . 1 . 1 . . . 3 . . . . . . . . . . . . . Garrison Registry 6 | . . . . . . . . . . 1 . . . . . . . . . 1 . . . . . 1 . . . . . 1 . 1 . 1 . . Patrol Navigation 3 | . . . . . . . . 1 . . . . . . . . . . . 2 . . . . . . . . . . . . . . . . . . Security Stations 3 | . . . . . . . . 1 . . . . . . . . . . . 1 . . . . . . . . . . . 1 . . . . . . Proto ID Catalog 1 | . . . . . 1 . . . . . . . . . . . . . . . . . . . . . . . . . . . . . . . . . Fabricator Hacks 31 | . . . . . . . . . . . . . 8 . . . 7 . 4 . . . . . . . . . . . 4 . 3 . 3 . 2 . Network Status 3 | . . . . . . . . . . . . . 1 . . . . . . . . . . . . . . . . . 1 . 1 . . . . . Load Schematic 17 | . . . . . . . . . . . . . 4 . . . 4 . 3 . . . . . . . . . . . 2 . 1 . 2 . 1 . Build 11 | . . . . . . . . . . . . . 3 . . . 3 . 1 . . . . . . . . . . . 1 . 1 . 1 . 1 . Repair Station Hacks 12 | . . . . . . . . . . . . . . . 6 . . . 2 . . . . . . . . . 1 . 3 . . . . . . . Scan Component 6 | . . . . . . . . . . . . . . . 3 . . . 1 . . . . . . . . . . . 2 . . . . . . . Repair 5 | . . . . . . . . . . . . . . . 3 . . . 1 . . . . . . . . . . . 1 . . . . . . . Refit 1 | . . . . . . . . . . . . . . . . . . . . . . . . . . . . . 1 . . . . . . . . . Recycling Unit Hacks 2 | . . . . . . . . . . . . . . . . . 1 . . . . . . . . . . . . . . . . . 1 . . . Retrieve Components 2 | . . . . . . . . . . . . . . . . . 1 . . . . . . . . . . . . . . . . . 1 . . . Scanalyzer 30 | . . . 2 . . . . . 1 . . . 12 . 1 . 2 . 5 . 1 . . . . . . . . . 2 . 3 . . . 1 . Insert Component 6 | . . . . . . . . . . . . . 3 . . . . . 2 . . . . . . . . . . . . . 1 . . . . . Analyze 6 | . . . . . . . . . . . . . 3 . . . . . 2 . . . . . . . . . . . . . 1 . . . . . Retrieve Study 18 | . . . 2 . . . . . 1 . . . 6 . 1 . 2 . 1 . 1 . . . . . . . . . 2 . 1 . . . 1 . Garrison Access Hacks 36 | . . . . . . . 1 . 1 . 3 . 1 . 2 . . . 4 . 6 . . . 2 . . . 2 . 1 . 5 . 2 . 6 . Unlock Access 10 | . . . . . . . 1 . 1 . 1 . . . 1 . . . 1 . . . . . 1 . . . 1 . 1 . 1 . 1 . . . Seal Access 16 | . . . . . . . . . . . 1 . 1 . . . . . 2 . 4 . . . . . . . . . . . 2 . . . 6 . Coupler Status 10 | . . . . . . . . . . . 1 . . . 1 . . . 1 . 2 . . . 1 . . . 1 . . . 2 . 1 . . . Unauthorized Hacks 70 | . 8 . 7 . . . . . . . 1 . 7 . 1 . 18 . 9 . 5 4 . . 1 . . . 1 . 1 . 6 . . . 1 . Terminals 52 | . 8 . 7 . . . . . . . 1 . 2 . 1 . 13 . 6 . 4 4 . . 1 . . . . . . . 5 . . . . . Assimilate 7 | . . . . . . . . . . . . . 2 . 1 . 3 . 1 . . . . . . . . . . . . . . . . . . . Botnet 14 | . 2 . 1 . . . . . . . 1 . . . . . 2 . 2 . 3 2 . . . . . . . . . . 1 . . . . . Disrupt 3 | . . . 1 . . . . . . . . . . . . . 1 . 1 . . . . . . . . . . . . . . . . . . . Operators 7 | . 1 . . . . . . . . . . . . . . . 2 . 1 . 1 1 . . . . . . . . . . 1 . . . . . Skim 20 | . 5 . 5 . . . . . . . . . . . . . 5 . 1 . . 1 . . . . . . . . . . 3 . . . . . Sabotage 1 | . . . . . . . . . . . . . . . . . . . . . . . . . 1 . . . . . . . . . . . . . Fabricators 14 | . . . . . . . . . . . . . 4 . . . 3 . 3 . 1 . . . . . . . 1 . 1 . 1 . . . . . Report 1 | . . . . . . . . . . . . . . . . . . . 1 . . . . . . . . . . . . . . . . . . . Prioritize 5 | . . . . . . . . . . . . . 2 . . . 1 . 1 . . . . . . . . . . . . . 1 . . . . . Haulers 3 | . . . . . . . . . . . . . 1 . . . . . . . 1 . . . . . . . 1 . . . . . . . . . Recompile 5 | . . . . . . . . . . . . . 1 . . . 2 . 1 . . . . . . . . . . . 1 . . . . . . . Repair Stations 1 | . . . . . . . . . . . . . . . . . . . . . . . . . . . . . . . . . . . . . 1 . Patch 1 | . . . . . . . . . . . . . . . . . . . . . . . . . . . . . . . . . . . . . 1 . Recycling Units 3 | . . . . . . . . . . . . . 1 . . . 2 . . . . . . . . . . . . . . . . . . . . . Reject 2 | . . . . . . . . . . . . . 1 . . . 1 . . . . . . . . . . . . . . . . . . . . . Mask 1 | . . . . . . . . . . . . . . . . . 1 . . . . . . . . . . . . . . . . . . . . . Scanalyzers . | . . . . . . . . . . . . . . . . . . . . . . . . . . . . . . . . . . . . . . . Garrison Access . | . . . . . . . . . . . . . . . . . . . . . . . . . . . . . . . . . . . . . . . Data Cores Recovered . | . . . . . . . . . . . . . . . . . . . . . . . . . . . . . . . . . . . . . . . Used . | . . . . . . . . . . . . . . . . . . . . . . . . . . . . . . . . . . . . . . . Hacking Detections 136 | . 6 . 10 . . . . 4 4 1 9 . 15 . 6 1 12 . 8 3 8 7 1 . 4 1 1 . 1 2 6 2 8 1 2 1 10 2 Full Trace Events 14 | . . . 1 . . . . 1 . . . . 4 . 1 1 . . . . . . . . . . 1 . . . . . 1 . 1 . 3 . Feedback Events 1 | . . . . . . . . 1 . . . . . . . . . . . . . . . . . . . . . . . . . . . . . . Corruption 1 | . . . . . . . . 1 . . . . . . . . . . . . . . . . . . . . . . . . . . . . . . Feedback Blocked . | . . . . . . . . . . . . . . . . . . . . . . . . . . . . . . . . . . . . . . . Robot Schematics Acquired . | . . . . . . . . . . . . . . . . . . . . . . . . . . . . . . . . . . . . . . . Robots Built . | . . . . . . . . . . . . . . . . . . . . . . . . . . . . . . . . . . . . . . . Authchips . | . . . . . . . . . . . . . . . . . . . . . . . . . . . . . . . . . . . . . . . Time . | . . . . . . . . . . . . . . . . . . . . . . . . . . . . . . . . . . . . . . . Total Robot Build Rating . | . . . . . . . . . . . . . . . . . . . . . . . . . . . . . . . . . . . . . . . Part Schematics Acquired 12 | . . . . . . . . . . . . . 2 . . . 2 . 2 . 2 2 . . 1 . . . . . . . 1 . . . . . Parts Built 12 | . . . . . . . . . . . . . 3 . . . 3 . 1 . . . . . . . . . . . 1 . 1 . 1 . 2 . Authchips 5 | . . . . . . . . . . . . . 1 . . . 2 . 1 . . . . . . . . . . . 1 . . . . . . . Time 781 | . . . . . . . . . . . . . 211 . . . 126 . 222 . . . . . . . . . . . 64 . 55 . 64 . 39 . Total Part Build Rating 80 | . . . . . . . . . . . . . 12 . . . 20 . 9 . . . . . . . . . . . 8 . 9 . 8 . 14 . Part Studies Acquired 18 | . . . 2 . . . . . 1 . . . 6 . 1 . 2 . 1 . 1 . . . . . . . . . 2 . 1 . . . 1 . Parts Repaired 5 | . . . . . . . . . . . . . . . 3 . . . 1 . . . . . . . . . . . 1 . . . . . . . Time 262 | . . . . . . . . . . . . . . . 138 . . . 89 . . . . . . . . . . . 35 . . . . . . . Parts Recycled . | . . . . . . . . . . . . . . . . . . . . . . . . . . . . . . . . . . . . . . . Recycled Matter . | . . . . . . . . . . . . . . . . . . . . . . . . . . . . . . . . . . . . . . . Retrieved Matter . | . . . . . . . . . . . . . . . . . . . . . . . . . . . . . . . . . . . . . . . Retrieved Components 3 | . . . . . . . . . . . . . . . . . . . . . . . . . . . . . . . . . . . 3 . . . Parts Scanalyzed 6 | . . . . . . . . . . . . . 3 . . . . . 2 . . . . . . . . . . . . . 1 . . . . . Part Schematics Acquired 5 | . . . . . . . . . . . . . 2 . . . . . 2 . . . . . . . . . . . . . 1 . . . . . Parts Damaged . | . . . . . . . . . . . . . . . . . . . . . . . . . . . . . . . . . . . . . . . Bothacking | -11 -10 -10 -9 -9 -9 -8 -8 -8 -7 -7 -7 -7 -6 -6 -6 -6 -5 -5 -5 -5 -5 -5 -5 -5 -5 -5 -4 -4 -4 -4 -4 -4 -3 -3 -2 -2 -1 -1 ------------ Run | Yrd Mat Min Mat Min Exi Min Mat Gar Fac Gar Fac Gar Fac Was Fac Gar Fac Was Fac Gar Fac Ext Cet Arc Hub Gar Fac Was Fac Gar Fac Gar Res Gar Res Gar Acc Com Used RIF Installer 10 | . . . . . . . . 1 . 1 . 1 . . . 1 . . . 1 . . . . . 1 . . . 1 . 1 . 1 . 1 . . Coupler Efficiency 1 | . . . . . . . . . . . . . . . . . . . . . . . . . . . . . . . . 1 . . . . . . Command Fork 2 | . . . . . . . . . . . . . . . . . . . . . . . . . . . . . . 1 . . . . . 1 . . Signal Jammer 1 | . . . . . . . . . . . . 1 . . . . . . . . . . . . . . . . . . . . . . . . . . Zone Cloak 1 | . . . . . . . . . . 1 . . . . . . . . . . . . . . . . . . . . . . . . . . . . Watcher Feeds 1 | . . . . . . . . . . . . . . . . . . . . . . . . . . 1 . . . . . . . . . . . . Patrol Navigation 1 | . . . . . . . . . . . . . . . . . . . . . . . . . . . . . . . . . . 1 . . . . Structural Interface 1 | . . . . . . . . . . . . . . . . . . . . 1 . . . . . . . . . . . . . . . . . . Program Shield 1 | . . . . . . . . . . . . . . . . 1 . . . . . . . . . . . . . . . . . . . . . . Robots Hacked 93 | . . . . . . . . . 6 9 3 . 7 . . 2 . . 2 1 1 . . 2 2 4 3 . . 6 1 3 7 6 2 . 19 7 Non-combat 29 | . . . . . . . . . 3 . . . 6 . . . . . 2 . . . . 2 2 . 2 . . . 1 . 2 . 2 . 7 . Combat 64 | . . . . . . . . . 3 9 3 . 1 . . 2 . . . 1 1 . . . . 4 1 . . 6 . 3 5 6 . . 12 7 Robot Hacks Applied 117 | . . . . . . . . . 11 10 3 . 8 . . 2 . . 2 1 1 . . 2 6 4 12 . . 6 1 3 7 7 2 . 22 7 parse_system 12 | . . . . . . . . . 2 1 . . 2 . . . . . . . . . . 1 3 . 1 . . . . . . . . . 1 1 find_chute 3 | . . . . . . . . . 1 . . . 1 . . . . . . . . . . . . . 1 . . . . . . . . . . . map_earth 1 | . . . . . . . . . . . . . . . . . . . . . . . . . . . . . . . . . . . . . 1 . drop_inventory 14 | . . . . . . . . . . . . . 4 . . . . . 1 . . . . . . . . . . . 1 . 2 . 2 . 4 . find_recycling 1 | . . . . . . . . . . . . . . . . . . . . . . . . . . . . . . . . . . . . . 1 . find_station 1 | . . . . . . . . . 1 . . . . . . . . . . . . . . . . . . . . . . . . . . . . . purge_threat 10 | . . . . . . . . . . . . . . . . . . . . . . . . . 1 . 7 . . . . . . . . . 2 . reprogram_traps 3 | . . . . . . . . . . . . . . . . . . . . . . . . . 2 . 1 . . . . . . . . . . . block_reporting 3 | . . . . . . . . . . . . . 1 . . . . . . . . . . . . . 1 . . . . . . . . . 1 . find_garrison 2 | . . . . . . . . . 1 . . . . . . . . . . . . . . . . . . . . . . . . . . . 1 . link_complan 1 | . . . . . . . . . . . . . . . . . . . . . . . . . . . . . . . . . . 1 . . . . disrupt_area 1 | . . . . . . . . . 1 . . . . . . . . . . . . . . . . . . . . . . . . . . . . . amplify_resonance 3 | . . . . . . . . . . 2 . . . . . . . . . 1 . . . . . . . . . . . . . . . . . . wipe_record 1 | . . . . . . . . . . . . . . . . . . . . . . . . . . . . . . . . 1 . . . . . . disable_weapons 2 | . . . . . . . . . . . . . . . . . . . . . . . . . . 1 . . . . . . . 1 . . . . reboot_system 4 | . . . . . . . . . . . . . . . . . . . . . . . . . . . 1 . . . . . . 1 . . 1 1 overwrite_iff 14 | . . . . . . . . . . 3 . . . . . . . . . . . . . . . 1 . . . 2 . 2 . 3 . . 2 1 formatsys_low 3 | . . . . . . . . . 2 . . . . . . . . . . . . . . 1 . . . . . . . . . . . . . . formatsys_high 38 | . . . . . . . . . 3 4 3 . . . . 2 . . 1 . 1 . . . . 2 . . . 4 . . 5 1 . . 8 4 Relay Couplers Released 119 | . . . . . . . . 11 . 10 . 7 1 . . 33 . . 2 4 4 . . . . 16 . . . 11 . 4 . 7 . 8 1 . Machine Destruction 119 | . . . . . . . . 11 . 10 . 7 1 . . 33 . . 2 4 4 . . . . 16 . . . 11 . 4 . 7 . 8 1 . Attached 46 | . . . . . . . . . 5 4 . 2 1 . . 3 . . . 2 1 . . . . 4 2 . . 7 . . 2 4 . 3 2 4 Fabnet Peak Effective % . | . . . . . . . . . . . . . . . . . . . . . . . . . . . . . . . . . . . . . . . Robots Rewired 35 | . . . . . . . . . . . . . . . . 2 1 . . . . 26 . . . 3 1 . . . . . . 2 . . . . Allies Hacked 2 | . . . . . . . . . 1 . . . . . . . 1 . . . . . . . . . . . . . . . . . . . . . Hacks Repelled . | . . . . . . . . . . . . . . . . . . . . . . . . . . . . . . . . . . . . . . . Allies | -11 -10 -10 -9 -9 -9 -8 -8 -8 -7 -7 -7 -7 -6 -6 -6 -6 -5 -5 -5 -5 -5 -5 -5 -5 -5 -5 -4 -4 -4 -4 -4 -4 -3 -3 -2 -2 -1 -1 -------- Run | Yrd Mat Min Mat Min Exi Min Mat Gar Fac Gar Fac Gar Fac Was Fac Gar Fac Was Fac Gar Fac Ext Cet Arc Hub Gar Fac Was Fac Gar Fac Gar Res Gar Res Gar Acc Com Total Allies 128 | . . 3 . . . . . 1 5 7 3 . 2 . 1 6 4 . 2 2 1 33 5 1 . 6 1 . . 6 . 3 5 8 . . 14 9 Largest Group 19 | . . 3 3 . . . . 1 5 3 1 . 1 . 1 6 4 . 1 2 1 16 19 17 16 3 4 . . 2 . 2 3 4 . . 5 9 Highest-Rated Group 1304 | . . 72 72 . . . . 149 101 80 21 . 26 . 10 303 157 . 64 160 49 558 1014 824 796 129 178 . . 105 . 94 192 201 . . 490 1304 Highest-Rated Ally 219 | . . 31 31 . . . . 149 32 32 21 . 26 . 10 80 80 . 64 80 49 159 159 96 96 49 49 . . 58 . 58 64 116 . . 219 213 Total Orders 29 | . . . . . . . . . 4 3 . . 2 . . 7 1 . 1 . . . 2 1 . . . . . . . . . . . . 5 3 STAY 14 | . . . . . . . . . . 1 . . 1 . . 4 1 . . . . . 1 1 . . . . . . . . . . . . 3 2 ROAM 1 | . . . . . . . . . . . . . . . . . . . 1 . . . . . . . . . . . . . . . . . . . FOLLOW 9 | . . . . . . . . . 1 . . . 1 . . 3 . . . . . . 1 . . . . . . . . . . . . . 2 1 AID 5 | . . . . . . . . . 3 2 . . . . . . . . . . . . . . . . . . . . . . . . . . . . Ally Attacks 796 | . . . 36 . . . . 25 7 25 3 . . . . 40 16 . . 5 2 139 18 26 99 17 43 . . 10 . 5 32 43 . . 115 90 Total Damage 28182 | . . . 506 . . . . 1227 126 454 31 . . . . 1457 492 . . 159 49 2884 461 748 4442 480 1106 . . 333 . 162 966 1257 . . 3980 6862 Kills 158 | . . . 13 . . . . 16 1 3 . . . . . 10 2 . . 2 . 21 4 4 27 3 6 . . 1 . 1 4 6 . . 18 16 Allies Corrupted 6 | . . . . . . . . . . . . . . . . . . . 1 1 1 . . . . . . . . . . . 2 . . . . 1 Allies Melted 3 | . . . . . . . . . . 1 . . . . . . . . . . . . . . 1 1 . . . . . . . . . . . . Intel | -11 -10 -10 -9 -9 -9 -8 -8 -8 -7 -7 -7 -7 -6 -6 -6 -6 -5 -5 -5 -5 -5 -5 -5 -5 -5 -5 -4 -4 -4 -4 -4 -4 -3 -3 -2 -2 -1 -1 ------- Run | Yrd Mat Min Mat Min Exi Min Mat Gar Fac Gar Fac Gar Fac Was Fac Gar Fac Was Fac Gar Fac Ext Cet Arc Hub Gar Fac Was Fac Gar Fac Gar Res Gar Res Gar Acc Com Active Infowar (turns) 13316 | 119 496 818 753 . . . 276 67 139 . . . 1309 12 201 . 533 28 1181 . 459 29 1 . 986 1367 969 165 356 3 . . 286 476 163 155 1382 587 Optics 6009 | . . . . . . . . . . . . . . . . . . . . . . . . . 103 1367 969 165 356 . . . 286 476 163 155 1382 587 Terrain 178 | 119 40 17 . . . . . . . . . . . . . . . . . . . 2 . . . . . . . . . . . . . . . . Seismic 2416 | 23 496 801 753 . . . 276 67 . . . . . . . . . . . . . . . . . . . . . . . . . . . . . . T.N.C. 3403 | . . . . . . . . . 139 . . . 1309 12 201 . 533 28 1181 . . . . . . . . . . . . . . . . . . . Triangulation 486 | . . . . . . . . . . . . . . . . . . . . . 459 27 . . . . . . . . . . . . . . . . Jamming 1651 | . . . . . . . . . . . . . . . . . . . . . . . . . 986 86 472 104 . 3 . . . . . . . . ECM 1 | . . . . . . . . . . . . . . . . . . . . . . . 1 . . . . . . . . . . . . . . . Robot Analysis Total 1 | . . . . . . . . . . . . . . . . . . . . . . . . . . . . . . . . . 1 . . . . . Derelict Logs Recovered 1 | . . 1 . . . . . . . . . . . . . . . . . . . . . . . . . . . . . . . . . . . . Drone Launches . | . . . . . . . . . . . . . . . . . . . . . . . . . . . . . . . . . . . . . . . Drone Recoveries . | . . . . . . . . . . . . . . . . . . . . . . . . . . . . . . . . . . . . . . . Exploration | -11 -10 -10 -9 -9 -9 -8 -8 -8 -7 -7 -7 -7 -6 -6 -6 -6 -5 -5 -5 -5 -5 -5 -5 -5 -5 -5 -4 -4 -4 -4 -4 -4 -3 -3 -2 -2 -1 -1 ------------- Run | Yrd Mat Min Mat Min Exi Min Mat Gar Fac Gar Fac Gar Fac Was Fac Gar Fac Was Fac Gar Fac Ext Cet Arc Hub Gar Fac Was Fac Gar Fac Gar Res Gar Res Gar Acc Com Turns Passed 26054 | 207 1112 818 2104 156 556 689 281 1634 454 567 1094 123 1350 12 351 752 606 28 1209 325 813 1181 596 597 1249 1367 969 165 519 668 199 121 419 476 163 155 1382 587 Spaces Moved 34552 | 85 493 425 1049 97 346 420 117 840 871 653 2217 184 3420 71 845 1589 1562 105 2655 507 2263 1347 285 189 560 561 439 101 388 775 458 348 1516 707 378 203 4375 1108 Core 6 | 5 . . . . . . . . . . . . . . . . . . . . . . . . . . . 1 . . . . . . . . . . Treads 5936 | 80 493 425 1049 97 346 420 117 840 . 37 . . . . . . . . . . . . 241 189 560 561 439 40 . . . . . . . . . 2 Legs 295 | . . . . . . . . . . . . . . . . . . . . . . . . . . . . . 224 71 . . . . . . . . Wheels . | . . . . . . . . . . . . . . . . . . . . . . . . . . . . . . . . . . . . . . . Hover 468 | . . . . . . . . . . . 468 . . . . . . . . . . . . . . . . . . . . . . . . . . . Flight 27847 | . . . . . . . . . 871 616 1749 184 3420 71 845 1589 1562 105 2655 507 2263 1347 44 . . . . 60 164 704 458 348 1516 707 378 203 4375 1106 Fastest Speed 5 | 50 160 160 160 160 160 160 160 160 31 32 27 29 5 5 23 5 5 18 18 17 17 20 27 160 160 163 160 30 30 6 15 21 17 5 12 6 11 14 Average Speed 49 | 153 160 171 164 160 160 160 164 160 31 56 34 29 23 16 25 22 23 26 27 26 26 29 141 160 162 163 160 81 93 31 18 21 17 22 16 19 20 22 Slowest Speed 390 | 160 160 240 240 160 160 160 240 160 34 390 360 29 29 23 91 23 28 28 103 27 27 105 160 160 163 163 163 160 140 250 57 21 19 79 62 20 26 170 Overloaded Moves 182 | . . . . . . . . . . . . . 16 25 . 9 6 16 2 1 26 6 . . . . . . . 12 . . . 12 22 9 17 3 Propulsion Burnouts . | . . . . . . . . . . . . . . . . . . . . . . . . . . . . . . . . . . . . . . . Robots Hopped 177 | . . . . . . . . . 9 6 9 5 35 . 2 . 14 2 6 . 25 2 . . . . . 1 . . 3 . 3 1 8 . 42 4 Potential Cave-ins 8 | . . . . . . . . . . . . . . . . . . . . . . . . . . . . 2 . . . . . . . . 6 . Cave-ins Triggered . | . . . . . . . . . . . . . . . . . . . . . . . . . . . . . . . . . . . . . . . Exploration Rate (%) 53 | 5 75 81 96 32 86 82 11 91 18 59 53 28 63 71 22 85 33 81 47 46 39 86 56 79 69 69 15 90 13 88 15 44 40 66 13 43 77 35 Regions Visited 38 Branch Regions 9 Pre-discovered Areas 2 | . 2 . . . . . . . . . . . . . . . . . . . . . . . . . . . . . . . . . . . . . Known Exits Taken 16 | . 1 1 1 . . 1 1 . 1 . 1 . . . 1 . . . 1 . 1 . . . 1 . . . 1 . 1 . 1 . 1 . 1 . Unknown Exits Taken 6 | 1 . . . 1 1 . . . . . . . . . . . . . . . . 1 1 1 . . . . . . . . . . . . . . Scrap Searched 3 | . . 1 . 1 . 1 . . . . . . . . . . . . . . . . . . . . . . . . . . . . . . . . Spaces Dug 433 | . . 14 . . . . . 5 . 29 26 13 34 . 7 91 6 . 39 4 67 1 . . 2 3 8 4 1 1 8 . 7 2 4 . 50 7 Terrain Destroyed 1050 | . 6 45 . . . . . 12 . 33 89 87 98 . 16 119 51 . 73 40 67 2 8 11 42 10 21 4 20 65 8 . 7 2 4 . 69 41 Melee 241 | . . . . . . . . 3 . 2 11 3 34 . 6 21 6 . 37 4 28 1 . . 2 . 8 4 1 1 8 . 7 2 4 . 41 7 Projectile 119 | . . 5 . . . . . . . 3 . . 5 . 10 1 1 . 5 . . . 8 11 40 6 13 . . 1 . . . . . . 9 1 AOE 684 | . 6 40 . . . . . 9 . 28 78 84 59 . . 97 43 . 31 36 39 . . . . . . . 19 63 . . . . . . 19 33 Terrain Rammed . | . . . . . . . . . . . . . . . . . . . . . . . . . . . . . . . . . . . . . . . Walls Destroyed . | . . . . . . . . . . . . . . . . . . . . . . . . . . . . . . . . . . . . . . . Machines Disabled . | . . . . . . . . . . . . . . . . . . . . . . . . . . . . . . . . . . . . . . . Actions | -11 -10 -10 -9 -9 -9 -8 -8 -8 -7 -7 -7 -7 -6 -6 -6 -6 -5 -5 -5 -5 -5 -5 -5 -5 -5 -5 -4 -4 -4 -4 -4 -4 -3 -3 -2 -2 -1 -1 --------- Run | Yrd Mat Min Mat Min Exi Min Mat Gar Fac Gar Fac Gar Fac Was Fac Gar Fac Was Fac Gar Fac Ext Cet Arc Hub Gar Fac Was Fac Gar Fac Gar Res Gar Res Gar Acc Com Total 40973 | 126 690 459 1295 97 349 428 167 1031 1021 801 2433 234 3757 70 941 1862 1722 102 2964 631 2349 2067 446 455 785 870 595 154 489 1072 554 392 1641 938 467 310 4801 1408 Wait 2832 | . 93 . 52 . . . 3 48 59 30 44 10 174 . 60 120 79 . 129 40 20 477 77 221 90 151 37 29 38 58 55 20 31 95 66 71 183 172 Move 34188 | 84 492 424 1048 96 345 419 117 839 855 640 2199 174 3352 70 841 1588 1535 101 2644 506 2215 1342 284 188 560 560 439 98 388 774 453 347 1510 704 362 202 4294 1099 Hop 161 | . . . . . . . . . 7 6 9 4 33 . 2 . 13 1 5 . 22 2 . . . . . 1 . . 2 . 3 1 8 . 38 4 Pick Up 257 | 2 8 2 34 . 1 1 6 22 5 4 4 1 9 . 1 4 . . 15 2 1 10 8 4 12 16 5 1 9 18 4 3 4 11 2 2 15 11 Fast Attach 232 | 6 1 . 4 . . . 1 5 17 19 14 2 19 . 4 9 7 . 8 4 1 6 7 4 3 6 6 1 9 18 1 . 7 9 4 2 18 10 Attach 128 | 1 2 1 1 . . . 2 3 14 9 4 1 4 . . . . . 11 2 1 8 1 2 1 7 4 1 2 13 1 . 2 5 5 . 11 9 Detach 124 | . 1 . 2 . . . 1 3 9 10 7 1 8 . 2 4 1 . 9 4 3 6 5 1 3 3 3 . 4 8 1 . 3 4 5 . 8 5 Swap 333 | . 8 8 38 . 1 . 6 15 4 1 11 . 20 . 5 10 10 . 15 7 13 20 9 3 21 15 23 1 2 13 8 . 14 9 1 2 9 11 Drop 349 | . 2 1 35 . 2 1 7 28 23 16 16 1 20 . . 7 7 . 13 3 1 9 16 5 7 18 9 5 4 22 2 . 13 11 7 1 25 12 Fire 1014 | 33 73 22 66 . . 4 23 44 14 40 16 4 24 . 10 38 52 . 62 3 11 102 32 27 85 85 58 12 14 23 1 4 6 . . . 10 16 Melee 911 | . . . . . . . . 23 14 11 79 6 94 . 16 53 18 . 53 33 47 10 7 . 2 . 11 4 19 61 9 1 33 73 7 5 189 33 Ram . | . . . . . . . . . . . . . . . . . . . . . . . . . . . . . . . . . . . . . . . Kick 1 | . . . . . . . . . . . . . . . . . . . . . . . . . . . . . . 1 . . . . . . . . Crush 33 | . 10 1 15 1 . 3 1 . . . . . . . . . . . . . . . . . 1 . . 1 . . . . . . . . . . Escape Stasis 338 | . . . . . . . . . . 15 30 30 . . . 22 . . . 25 14 25 . . . . . . . 63 17 17 15 16 . 23 . 26 Rewire 64 | . . . . . . . . 1 . . . . . . . 3 . . . . . 50 . . . 9 . . . . . . . . . . 1 . Trap 8 | . . . . . . . . . . . . . . . . 4 . . . 2 . . . . . . . . . . . . . . . 2 . . Miscellaneous . | . . . . . . . . . . . . . . . . . . . . . . . . . . . . . . . . . . . . . . . Route ------- -11/Scrapyard -10/Materials (discovered 6 exits: *Mat x3 / *Min x2 / Sub) -10/Mines (discovered 3 exits: *Mat x2 / Sub) -9/Materials (discovered 4 exits: *Mat x3 / *Min) -9/Mines (discovered 3 exits: *Mat x2 / *Exi) -9/Exiles -8/Mines -8/Materials (discovered 3 exits: Fac x2 / Gar) -8/Garrison (discovered 3 exits: *Fac x3) -7/Factory -7/Garrison (discovered 3 exits: *Fac x3) -7/Factory (discovered 4 exits: *Fac / [*Sto] / [*Low] / Gar) -7/Garrison -6/Factory (discovered 4 exits: *Fac x4) -6/Waste -6/Factory -6/Garrison (discovered 3 exits: *Fac x3) -5/Factory (discovered 4 exits: Fac / *Upp x2 / *Ext) -5/Waste -5/Factory (discovered 5 exits: *Fac / *Upp / *Ext x2 / Gar) -5/Garrison (discovered 3 exits: *Fac x3) -5/Factory (discovered 4 exits: *Upp x2 / *Ext x2) -5/Extension (discovered 2 exits: *Fac / *Cet) -5/Cetus (discovered 2 exits: *Fac / [*Arc]) -5/Archives (discovered 3 exits: *Fac / *Hub x2) -5/Hub_04(d) (discovered 3 exits: *Fac x2 / Gar) -5/Garrison (discovered 3 exits: *Fac x3) -4/Factory -4/Waste -4/Factory (discovered 3 exits: *Upp / Arm / Gar) -4/Garrison (discovered 3 exits: *Fac x3) -4/Factory (discovered 5 exits: *Res / Upp x2 / Arm / Gar) -4/Garrison (discovered 3 exits: *Res x3) -3/Research (discovered 3 exits: *Res / [*Tes] / Gar) -3/Garrison (discovered 3 exits: *Res x3) -2/Research -2/Garrison (discovered 3 exits: *Acc x3) -1/Access -1/Command (discovered 2 exits: [*Sur x2]) 0b11 Command History --------- Turn | Location | Event 4 | -11/Scrapyard | Discovered new exit (range 16) 208 | -11/Scrapyard | Entered Materials 308 | -10/Materials | Build established: Mutant 471 | -10/Materials | Discovered new exit (range 16) 692 | -10/Materials | Identified exit to Subcaves 716 | -10/Materials | Discovered new exit (range 9) 742 | -10/Materials | Learned Storage security intel 810 | -10/Materials | Learned location of Subcaves (-10) 829 | -10/Materials | Identified exit to Mines 838 | -10/Materials | Identified exit to Materials 846 | -10/Materials | Learned location of 1 exit from Recycling 866 | -10/Materials | Learned location of Recycling (-7) 938 | -10/Materials | Learned Storage stockpile data 1295 | -10/Materials | Lost 3 parts (1p1u1w) 1320 | -10/Materials | Entered Mines 1329 | -10/Mines | Met a Derelict bent on vengeance 1371 | -10/Mines | Discovered exit to Materials (range 10) 1599 | -10/Mines | Excavation squad dispatched 1599 | -10/Mines | A large section of the Mines collapsed 1620 | -10/Mines | Build established: Scavenger-Mutant 1803 | -10/Mines | Core integrity fell below 50% 1990 | -10/Mines | Learned Materials emergency access door positions 2114 | -10/Mines | Discovered exit to Materials (range 10) 2130 | -10/Mines | Met a Derelict testing a Signal Generator 2138 | -10/Mines | Entered Materials 2138 | -9/Materials | Accompanied by 3 allies 2138 | -9/Materials | Evolved 2 slots: Propulsion x1, Utility x1 2139 | -9/Materials | Identified exit to Mines 2143 | -9/Materials | Led the pair of lost Derelicts to an unsafe place 2612 | -9/Materials | Discovered new exit (range 16) 2981 | -9/Materials | Discovered new exit (range 9) 3598 | -9/Materials | Learned Storage emergency access door positions 3624 | -9/Materials | Identified exit to Materials 3624 | -9/Materials | Learned location of 2 exits from Materials 3641 | -9/Materials | Learned Storage emergency access door positions 3649 | -9/Materials | Loaded intel: 8 trap records 3657 | -9/Materials | Learned Materials trap positions 3675 | -9/Materials | Learned Storage trap positions 3902 | -9/Materials | Central database locked down 4051 | -9/Materials | Build established: Mutant 4242 | -9/Materials | Entered Mines 4259 | -9/Mines | Assembled infested the area 4264 | -9/Mines | Assisted by a Guerilla fighting off Assembled 4390 | -9/Mines | Deemed a non-threat by the Exiles lab entrance 4391 | -9/Mines | Discovered new exit (range 5) 4398 | -9/Mines | Entered Exiles 4437 | -9/Exiles | Met 8R-AWN 4466 | -9/Exiles | Met EX-HEX 4510 | -9/Exiles | Met EX-BIN 4528 | -9/Exiles | Aligned with FarCom system 4530 | -9/Exiles | Given EX-Vault access code 4568 | -9/Exiles | Opened EX-Vault 4579 | -9/Exiles | Found YOLO Cannon 4613 | -9/Exiles | Warned to stay clear of 0b10 Research branches 4664 | -9/Exiles | Met EX-DEC 4717 | -9/Exiles | Visited The Gauntlet 4941 | -9/Exiles | Discovered new exit (range 10) 4954 | -9/Exiles | Left Exiles lab with YOLO Cannon 4954 | -9/Exiles | Entered Mines 5211 | -8/Mines | Discovered exit to Materials (range 5) 5643 | -8/Mines | Entered Materials 5643 | -8/Materials | Evolved 2 slots: Propulsion x1, Utility x1 5644 | -8/Materials | Identified exit to Factory 5645 | -8/Materials | Loaded intel: 12 trap records 5924 | -8/Materials | Identified exit to Garrison 5924 | -8/Materials | Entered Garrison 5956 | -8/Garrison | Build established: Scavenger-Mutant 6019 | -8/Garrison | Garrison Relay disabled 6021 | -8/Garrison | Destroyed 7 combat bots 6300 | -8/Garrison | Triggered checkpoint 6452 | -8/Garrison | Learned Factory security intel 6497 | -8/Garrison | Discovered exit to Factory (range 8) 6592 | -8/Garrison | Rescued HV-R5K 6792 | -8/Garrison | Triggered checkpoint 6903 | -8/Garrison | Discovered exit to Factory (range 11) 6968 | -8/Garrison | Triggered checkpoint 7011 | -8/Garrison | Garrison Relay disabled 7224 | -8/Garrison | Triggered checkpoint 7311 | -8/Garrison | Installed Relay Interface Framework 7351 | -8/Garrison | Discovered exit to Factory (range 10) 7365 | -8/Garrison | Triggered checkpoint 7392 | -8/Garrison | Garrison Relay disabled 7513 | -8/Garrison | Murdered HV-R5K 7558 | -8/Garrison | Entered Factory 7558 | -7/Factory | Evolved 2 slots: Utility x2 7908 | -7/Factory | Build established: Bothacker-Sprinter 7997 | -7/Factory | Identified exit to Garrison 8012 | -7/Factory | Entered Garrison 8012 | -7/Garrison | Accompanied by 3 allies 8048 | -7/Garrison | Triggered checkpoint 8065 | -7/Garrison | Garrison Relay disabled 8162 | -7/Garrison | Lost 3 allies 8220 | -7/Garrison | Triggered checkpoint 8227 | -7/Garrison | Lost 5 parts (1p2n2w) 8257 | -7/Garrison | Discovered new exit (range 12) 8267 | -7/Garrison | Lost 3 allies 8276 | -7/Garrison | Discovered new exit (range 74) 8276 | -7/Garrison | Discovered new exit (range 43) 8276 | -7/Garrison | Discovered new exit (range 18) 8280 | -7/Garrison | Triggered checkpoint 8298 | -7/Garrison | Triggered checkpoint 8350 | -7/Garrison | H-XX Assembler disabled 8534 | -7/Garrison | Expanded RIF knowledge: Zone Cloak 8540 | -7/Garrison | Garrison Relay disabled 8570 | -7/Garrison | Triggered checkpoint 8574 | -7/Garrison | Core integrity fell below 50% 8579 | -7/Garrison | Entered Factory 8634 | -7/Factory | Build established: Mutant 8935 | -7/Factory | Discovered new exit (range 9) 8961 | -7/Factory | Discovered new exit (range 8) 9360 | -7/Factory | Allied Derelicts emerged from ambush trap array 9375 | -7/Factory | Discovered new exit (range 8) 9481 | -7/Factory | Lost 4 allies 9487 | -7/Factory | Build established: Sprinter 9673 | -7/Factory | Identified exit to Garrison 9673 | -7/Factory | Entered Garrison 9677 | -7/Garrison | Triggered checkpoint 9684 | -7/Garrison | Garrison Relay disabled 9771 | -7/Garrison | Phase Generator disabled 9777 | -7/Garrison | Garrison Relay disabled 9783 | -7/Garrison | Triggered checkpoint 9787 | -7/Garrison | Expanded RIF knowledge: Signal Jamming 9793 | -7/Garrison | Core integrity fell below 20% 9794 | -7/Garrison | Discovered new exit (range 7) 9796 | -7/Garrison | Entered Factory 9796 | -6/Factory | Evolved 2 slots: Propulsion x1, Utility x1 9987 | -6/Factory | Found Rocket Array 10313 | -6/Factory | Build established: Hacker-Sprinter 10412 | -6/Factory | Discovered new exit (range 9) 10544 | -6/Factory | Discovered new exit (range 4) 10598 | -6/Factory | Discovered new exit (range 6) 10768 | -6/Factory | Fabricated Cld. VTOL Module? 10846 | -6/Factory | First assault squad dispatched 10879 | -6/Factory | Fabricated Cld. VTOL Module (x1) 10949 | -6/Factory | Cargo convoy interrupted 10992 | -6/Factory | Found Adv. Micro-nuke Launcher 11130 | -6/Factory | Discovered new exit (range 8) 11135 | -6/Factory | Fabricated Cld. VTOL Module? 11146 | -6/Factory | Sucked down chute 11146 | -6/Factory | Entered Waste 11150 | -6/Waste | Spotted C-40 Crusher 11155 | -6/Waste | Spotted C-40 Crusher 11157 | -6/Waste | Spotted C-40 Crusher 11158 | -6/Waste | Discovered new exit (range 10) 11158 | -6/Waste | Spotted C-40 Crusher 11158 | -6/Waste | Spotted C-40 Crusher 11158 | -6/Waste | Entered Factory 11263 | -6/Factory | Repaired Adv. Remote Datajack 11287 | -6/Factory | Repaired Cld. VTOL Module 11325 | -6/Factory | Repaired Cld. VTOL Module 11509 | -6/Factory | Identified exit to Garrison 11509 | -6/Factory | Entered Garrison 11509 | -6/Garrison | Accompanied by 1 ally 11511 | -6/Garrison | Spotted B-90 Cyclops 11584 | -6/Garrison | Garrison Relay disabled 11687 | -6/Garrison | Garrison Relay disabled 11690 | -6/Garrison | Garrison Relay disabled 11696 | -6/Garrison | Discovered new exit (range 6) 11705 | -6/Garrison | Expanded RIF knowledge: Program Shield 11711 | -6/Garrison | Triggered checkpoint 11728 | -6/Garrison | Garrison Relay disabled 11877 | -6/Garrison | Triggered checkpoint 11904 | -6/Garrison | Destroyed 7 combat bots 11938 | -6/Garrison | Found embedded Infiltrators 11968 | -6/Garrison | Discovered new exit (range 8) 11975 | -6/Garrison | Triggered checkpoint 11975 | -6/Garrison | Garrison Relay disabled 11984 | -6/Garrison | Garrison Relay disabled 12051 | -6/Garrison | Triggered checkpoint 12167 | -6/Garrison | Discovered new exit (range 15) 12183 | -6/Garrison | Garrison Relay disabled 12261 | -6/Garrison | Entered Factory 12261 | -5/Factory | Accompanied by 2 allies 12261 | -5/Factory | Evolved 2 slots: Utility x2 12562 | -5/Factory | Discovered new exit (range 4) 12594 | -5/Factory | Discovered new exit (range 12) 12597 | -5/Factory | Learned Research emergency access door positions 12610 | -5/Factory | Central database locked down 12631 | -5/Factory | Learned location of 1 exit from Proximity Caves 12668 | -5/Factory | Learned Extension emergency access door positions 12669 | -5/Factory | Identified exit to Factory 12669 | -5/Factory | Identified exit to Upper Caves 12670 | -5/Factory | Learned location of 1 exit from Research 12682 | -5/Factory | Learned Armory repair station intel 12689 | -5/Factory | Fabricated Cld. Nuclear Pulse Thruster (x1) 12733 | -5/Factory | Fabricated Cld. Nuclear Pulse Thruster? 12744 | -5/Factory | Fabricated Impulse Thruster Array (x1) 12867 | -5/Factory | Manually triggered Chute Trap 12867 | -5/Factory | Sucked down chute 12867 | -5/Factory | Entered Waste 12869 | -5/Waste | Spotted C-40 Crusher 12873 | -5/Waste | Spotted C-40 Crusher 12880 | -5/Waste | Spotted C-40 Crusher 12882 | -5/Waste | EMP discharged 12889 | -5/Waste | Spotted C-40 Crusher 12889 | -5/Waste | Spotted C-40 Crusher 12890 | -5/Waste | Discovered new exit (range 14) 12895 | -5/Waste | Entered Factory 12924 | -5/Factory | Garrison activated, responded to threat 13016 | -5/Factory | Discovered exit to Upper Caves (range 13) 13062 | -5/Factory | Repaired Cld. Nuclear Pulse Thruster? 13114 | -5/Factory | Discovered new exit (range 10) 13347 | -5/Factory | Discovered new exit (range 10) 13556 | -5/Factory | Spotted B-75 Beast 13647 | -5/Factory | Discovered exit to Factory (range 10) 13659 | -5/Factory | Cargo convoy interrupted 13774 | -5/Factory | Lost 3 allies 14012 | -5/Factory | Fabricated Cld. Q-thruster (x1) 14104 | -5/Factory | Identified exit to Garrison 14104 | -5/Factory | Entered Garrison 14108 | -5/Garrison | Discovered new exit (range 68) 14108 | -5/Garrison | Discovered new exit (range 105) 14108 | -5/Garrison | Discovered new exit (range 65) 14108 | -5/Garrison | Learned Factory security intel 14110 | -5/Garrison | Triggered checkpoint 14147 | -5/Garrison | Expanded RIF knowledge: Structural Interface 14194 | -5/Garrison | Found embedded Infiltrators 14223 | -5/Garrison | Garrison Relay disabled 14284 | -5/Garrison | Triggered checkpoint 14336 | -5/Garrison | Spotted Striker 14378 | -5/Garrison | Destroyed Striker 14416 | -5/Garrison | Destroyed Executioner 14419 | -5/Garrison | Found Prototype Processor 14419 | -5/Garrison | Identified Exp. Core Analyzer 14421 | -5/Garrison | Found Prototype Device 14421 | -5/Garrison | Identified Adv. Kinecellerator 14429 | -5/Garrison | Entered Factory 14719 | -5/Factory | Unchained authorized (QV-33N) 14722 | -5/Factory | Discovered exit to Upper Caves (range 14) 14725 | -5/Factory | Identified exit to Extension 15242 | -5/Factory | Entered Extension 15300 | -5/Extension | Lost 4 parts (1n2u1w) 15434 | -5/Extension | Rescued a captive Derelict 15435 | -5/Extension | Rescued a captive Derelict 15444 | -5/Extension | Rescued a captive Derelict 15588 | -5/Extension | Lost 3 allies 15881 | -5/Extension | Build established: Commander-Sprinter 16010 | -5/Extension | System corruption reached 10% 16061 | -5/Extension | Spotted B-75 Beast 16078 | -5/Extension | Allies destroyed B-75 Beast 16080 | -5/Extension | Spotted B-75 Beast 16090 | -5/Extension | Destroyed B-75 Beast 16108 | -5/Extension | Rescued a captive Derelict 16140 | -5/Extension | Rescued A7 16151 | -5/Extension | Lost 11 allies 16269 | -5/Extension | Rescued a captive Derelict 16270 | -5/Extension | Rescued a captive Derelict 16327 | -5/Extension | Discovered exit to Factory (range 10) 16327 | -5/Extension | Discovered new exit (range 6) 16423 | -5/Extension | Entered Cetus 16423 | -5/Cetus | Accompanied by 15 allies (A7) 16428 | -5/Cetus | Acquired a Cetus Manufacturing Module code from A7 16428 | -5/Cetus | Spotted Cetus Guard 16428 | -5/Cetus | Spotted Cetus Guard 16432 | -5/Cetus | Destroyed Cetus Guard 16433 | -5/Cetus | Destroyed Cetus Guard 16437 | -5/Cetus | Spotted Cetus Guard 16445 | -5/Cetus | Destroyed Cetus Guard 16445 | -5/Cetus | Destroyed Cetus Guard 16538 | -5/Cetus | Started Cetus Manufacturing Module 16563 | -5/Cetus | Manufactured an Enhanced Grunt 16576 | -5/Cetus | Discovered new exit (range 16) 16588 | -5/Cetus | Manufactured an Enhanced Grunt 16605 | -5/Cetus | Destroyed Cetus Guard 16609 | -5/Cetus | Destroyed Cetus Guard 16613 | -5/Cetus | Manufactured an Enhanced Grunt 16625 | -5/Cetus | Discovered exit to Factory (range 15) 16635 | -5/Cetus | Met Revision 17 16638 | -5/Cetus | Manufactured an Enhanced Grunt 16663 | -5/Cetus | Manufactured an Enhanced Grunt 16767 | -5/Cetus | Build established: Commander-Mutant 16934 | -5/Cetus | Murdered A7 16938 | -5/Cetus | Extracted ID and sensor layout for unrecognized location from A7's data core 16944 | -5/Cetus | Found Prototype Protection 16946 | -5/Cetus | Identified Med. Regenerative Plating 17019 | -5/Cetus | Entered Archives 17019 | -5/Archives | Accompanied by 17 allies 17071 | -5/Archives | Discovered exit to Factory (range 15) 17094 | -5/Archives | Discovered new exit (range 14) 17373 | -5/Archives | Discovered new exit (range 16) 17616 | -5/Archives | Entered Hub_04(d) 17616 | -5/Hub_04(d) | Accompanied by 16 allies 17681 | -5/Hub_04(d) | Lost 5 allies 17751 | -5/Hub_04(d) | Lost 3 allies 17760 | -5/Hub_04(d) | Discovered exit to Factory (range 7) 17814 | -5/Hub_04(d) | Lost 4 allies 17916 | -5/Hub_04(d) | First assault squad dispatched 18010 | -5/Hub_04(d) | Build established: Scavenger-Mutant 18146 | -5/Hub_04(d) | Found Prototype Device 18146 | -5/Hub_04(d) | Identified Exp. Thermal Shield 18308 | -5/Hub_04(d) | Discovered exit to Factory (range 9) 18478 | -5/Hub_04(d) | Network Hub disabled 18484 | -5/Hub_04(d) | Network Hub disabled 18694 | -5/Hub_04(d) | Destroyed 8 combat bots 18865 | -5/Hub_04(d) | Identified exit to Garrison 18865 | -5/Hub_04(d) | Entered Garrison 18895 | -5/Garrison | Triggered checkpoint 19290 | -5/Garrison | Build established: Bothacker-Mutant 19326 | -5/Garrison | Discovered exit to Factory (range 10) 19519 | -5/Garrison | Triggered checkpoint 19591 | -5/Garrison | Garrison Relay disabled 19683 | -5/Garrison | Triggered checkpoint 19697 | -5/Garrison | Triggered checkpoint 19700 | -5/Garrison | Discovered exit to Factory (range 35) 19700 | -5/Garrison | Discovered exit to Factory (range 32) 19700 | -5/Garrison | Discovered exit to Factory (range 48) 19743 | -5/Garrison | Garrison Relay disabled 19772 | -5/Garrison | Garrison Relay disabled 19837 | -5/Garrison | Triggered checkpoint 19838 | -5/Garrison | Core integrity fell below 50% 19915 | -5/Garrison | Triggered checkpoint 19993 | -5/Garrison | Build established: Scavenger-Mutant 20025 | -5/Garrison | Expanded RIF knowledge: Watcher Feeds 20232 | -5/Garrison | Entered Factory 20232 | -4/Factory | Accompanied by 3 allies 20232 | -4/Factory | Evolved 2 slots: Power x1, Propulsion x1 20233 | -4/Factory | Identified exit to Armory 20365 | -4/Factory | Spotted B-86 Titan 20384 | -4/Factory | Allies destroyed B-86 Titan 20537 | -4/Factory | Lost 3 allies 20572 | -4/Factory | Build established: Bothacker-Mutant 20992 | -4/Factory | Spotted B-86 Titan 21004 | -4/Factory | Build established: Scavenger-Mutant 21201 | -4/Factory | Sucked down chute 21201 | -4/Factory | Entered Waste 21216 | -4/Waste | EMP discharged 21216 | -4/Waste | System corruption reached 10% 21222 | -4/Waste | Spotted C-40 Crusher 21222 | -4/Waste | Spotted C-40 Crusher 21223 | -4/Waste | Spotted C-40 Crusher 21246 | -4/Waste | Destroyed C-40 Crusher 21248 | -4/Waste | Spotted C-40 Crusher 21252 | -4/Waste | Destroyed C-40 Crusher 21279 | -4/Waste | Spotted C-40 Crusher 21288 | -4/Waste | Crushed by Compactor (1 part destroyed, 1 dropped) 21293 | -4/Waste | Crushed by Compactor (0 parts destroyed, 2 dropped) 21316 | -4/Waste | EMP discharged 21323 | -4/Waste | Spotted C-40 Crusher 21362 | -4/Waste | Discovered new exit (range 10) 21366 | -4/Waste | Entered Factory 21379 | -4/Factory | Spotted B-86 Titan 21396 | -4/Factory | Found Quantum Capacitor 21439 | -4/Factory | Discovered new exit (range 5) 21885 | -4/Factory | Identified exit to Garrison 21885 | -4/Factory | Entered Garrison 22009 | -4/Garrison | Triggered checkpoint 22140 | -4/Garrison | Garrison Relay disabled 22155 | -4/Garrison | Spotted B-86 Titan 22155 | -4/Garrison | Triggered checkpoint 22169 | -4/Garrison | Discovered new exit (range 10) 22236 | -4/Garrison | Destroyed B-86 Titan 22263 | -4/Garrison | Garrison Relay disabled 22277 | -4/Garrison | Triggered checkpoint 22339 | -4/Garrison | Triggered checkpoint 22344 | -4/Garrison | Garrison Relay disabled 22386 | -4/Garrison | Discovered new exit (range 13) 22421 | -4/Garrison | Triggered checkpoint 22509 | -4/Garrison | Found Relay Coupler [Proto] 22510 | -4/Garrison | Found Relay Coupler [Proto] 22541 | -4/Garrison | Found Relay Coupler [Proto] 22542 | -4/Garrison | Found Relay Coupler [Proto] 22550 | -4/Garrison | Discovered new exit (range 8) 22551 | -4/Garrison | Expanded RIF knowledge: Command Fork 22553 | -4/Garrison | Entered Factory 22564 | -4/Factory | Build established: Botlord-Sprinter 22610 | -4/Factory | Identified exit to Upper Caves 22646 | -4/Factory | Fabricated Impulse Thruster Array (x1) 22706 | -4/Factory | Discovered new exit (range 34) 22727 | -4/Factory | Repaired Broken Imp. Surge Thruster+ 22752 | -4/Factory | Identified exit to Garrison 22752 | -4/Factory | Entered Garrison 22756 | -4/Garrison | Triggered checkpoint 22784 | -4/Garrison | Spotted B-86 Titan 22824 | -4/Garrison | Triggered checkpoint 22844 | -4/Garrison | Expanded RIF knowledge: Coupler Efficiency 22846 | -4/Garrison | Discovered new exit (range 12) 22858 | -4/Garrison | Discovered new exit (range 61) 22858 | -4/Garrison | Discovered new exit (range 7) 22858 | -4/Garrison | Discovered new exit (range 92) 22858 | -4/Garrison | Learned Research security intel 22859 | -4/Garrison | Garrison Relay disabled 22873 | -4/Garrison | Entered Research 22873 | -3/Research | Evolved 2 slots: Propulsion x1, Utility x1 22874 | -3/Research | Identified exit to Research 22940 | -3/Research | Found Adv. Powered Armor 23006 | -3/Research | Found Prototype Processor 23006 | -3/Research | Identified Spectral Analyzer 23067 | -3/Research | Central database locked down 23073 | -3/Research | Revision forces began assault on 0b10 23120 | -3/Research | Found Prototype Device 23120 | -3/Research | Identified Exp. Shield Generator 23146 | -3/Research | Discovered new exit (range 6) 23147 | -3/Research | Found Prototype Device 23147 | -3/Research | Identified Imp. Particle Accelerator 23171 | -3/Research | Spotted B-86 Titan 23212 | -3/Research | Found Prototype Device 23212 | -3/Research | Identified System Purifier 23236 | -3/Research | Fabricated Cld. Q-thruster (x1) 23242 | -3/Research | Met up with Revision 17++ 23247 | -3/Research | Found Adv. Powered Armor 23273 | -3/Research | Spotted B-86 Titan 23292 | -3/Research | Identified exit to Garrison 23292 | -3/Research | Entered Garrison 23304 | -3/Garrison | Triggered checkpoint 23312 | -3/Garrison | Garrison Relay disabled 23331 | -3/Garrison | Spotted B-75 Beast 23332 | -3/Garrison | Spotted B-86 Titan 23365 | -3/Garrison | Destroyed B-75 Beast 23385 | -3/Garrison | Destroyed B-86 Titan 23389 | -3/Garrison | Rewired B-86 Titan 23394 | -3/Garrison | Rewired B-75 Beast 23474 | -3/Garrison | Triggered checkpoint 23479 | -3/Garrison | Discovered exit to Research (range 15) 23479 | -3/Garrison | Discovered exit to Research (range 44) 23479 | -3/Garrison | Discovered exit to Research (range 62) 23481 | -3/Garrison | Garrison Relay disabled 23494 | -3/Garrison | Triggered checkpoint 23584 | -3/Garrison | Found Unknown Launcher 23584 | -3/Garrison | Identified Gamma Bomb Array 23592 | -3/Garrison | Found Relay Coupler [Proto] 23593 | -3/Garrison | Found Relay Coupler [Proto] 23594 | -3/Garrison | Found Relay Coupler [Proto] 23595 | -3/Garrison | Found Relay Coupler [Proto] 23598 | -3/Garrison | Lost 4 parts (3n1u) 23646 | -3/Garrison | Triggered checkpoint 23661 | -3/Garrison | Expanded RIF knowledge: Patrol Navigation 23768 | -3/Garrison | Entered Research 23768 | -2/Research | Evolved 2 slots: Utility x2 23874 | -2/Research | Fabricated Impulse Thruster Array? 23931 | -2/Research | Identified exit to Garrison 23931 | -2/Research | Entered Garrison 23937 | -2/Garrison | Expanded RIF knowledge: Command Fork 23972 | -2/Garrison | Discovered new exit (range 76) 23972 | -2/Garrison | Discovered new exit (range 39) 23972 | -2/Garrison | Discovered new exit (range 62) 23972 | -2/Garrison | Garrison Relay disabled 24058 | -2/Garrison | Spotted B-90 Cyclops 24066 | -2/Garrison | Garrison Relay disabled 24082 | -2/Garrison | Triggered checkpoint 24086 | -2/Garrison | Entered Access 24086 | -1/Access | Evolved 2 slots: Propulsion x1, Utility x1 24124 | -1/Access | Found Adv. Powered Armor 24209 | -1/Access | Fabricated Nanoactuators (x2) 24375 | -1/Access | Spotted B-99 Colossus 24384 | -1/Access | Assimilated Colossus 10a with formatsys_high 24586 | -1/Access | First assault squad dispatched 24684 | -1/Access | Spotted B-99 Colossus 24910 | -1/Access | Identified exit to Command 24979 | -1/Access | Found Gui. Micro-nuke Launcher 25013 | -1/Access | Spotted B-99 Colossus 25117 | -1/Access | Unchained authorized (GL-D0S) 25184 | -1/Access | Garrison activated, responded to threat 25452 | -1/Access | Maximum security lockdown engaged 25468 | -1/Access | Entered Command 25468 | -1/Command | Accompanied by 1 ally 25487 | -1/Command | Lost 3 parts (3u) 25523 | -1/Command | Spotted M Guard 25523 | -1/Command | Spotted M Guard 25523 | -1/Command | Spotted Combat Programmer 25524 | -1/Command | Spotted Combat Programmer 25550 | -1/Command | Destroyed Combat Programmer 25553 | -1/Command | Destroyed Combat Programmer 25568 | -1/Command | Assimilated M Guard with formatsys_high 25568 | -1/Command | Assimilated M Guard with formatsys_high 25674 | -1/Command | Found Imp. Powered Armor 25676 | -1/Command | Found Imp. Powered Armor 25743 | -1/Command | Spotted Alpha 7 25743 | -1/Command | Spotted Striker 25743 | -1/Command | Spotted Executioner 25743 | -1/Command | Spotted Executioner 25743 | -1/Command | Spotted Alpha 7 25743 | -1/Command | Spotted Striker 25743 | -1/Command | Spotted Executioner 25743 | -1/Command | Spotted Executioner 25744 | -1/Command | Spotted B-99 Colossus 25752 | -1/Command | Assimilated Alpha 7 with formatsys_high 25752 | -1/Command | Assimilated Striker with formatsys_high 25754 | -1/Command | Assimilated Alpha 7 with formatsys_high 25754 | -1/Command | Assimilated Executioner with formatsys_high 25757 | -1/Command | Assimilated Executioner with formatsys_high 25758 | -1/Command | Spotted B-99 Colossus 25765 | -1/Command | Allies destroyed B-99 Colossus 25772 | -1/Command | Allies destroyed B-99 Colossus 25773 | -1/Command | Allies destroyed Executioner 25774 | -1/Command | Allies destroyed Executioner 25789 | -1/Command | Found Exp. Core Analyzer 25793 | -1/Command | Found Exp. Core Analyzer 25802 | -1/Command | Discovered new exit (range 9) 25810 | -1/Command | Found Prototype Ballistic Gun 25968 | -1/Command | First assault squad dispatched 25981 | -1/Command | Met MAIN.C 25982 | -1/Command | 0b10 Conduit disabled 25993 | -1/Command | Allies destroyed Striker 25994 | -1/Command | Identified Multirail 26000 | -1/Command | Allies destroyed MAIN.C Shell 26000 | -1/Command | MAIN.C activated Command garrisons 26013 | -1/Command | Allies destroyed MAIN.C 26023 | -1/Command | Discovered new exit (range 46) 26023 | -1/Command | Discovered new exit (range 97) 26023 | -1/Command | Extracted map data and part IDs from MAIN.C's data core 26055 | *** | Establishing 0b11! Last Messages --------------- 26012_ MAIN.C knocked back. 26012_ Ragnarok Missile intercepted. 26013_ Hellfire Missile intercepted. 26013_ Slug penetrates MAIN.C. 26013_ MAIN.C: "I hope you know you're still going to DIE HERE WITH ME!" Heavy Barrier opened. 26013_ MAIN.C destroyed. 26013_ Slug penetrates 0b10 Conduit. 26018_ Ended siege mode. 26018_ Dropped Arm. Heavy Treads. 26020_ Acquired Arm. Heavy Treads. 26021_ Dropped Linear Accelerator. 26021_ Dropped Lgt. Quantum Reactor. 26023_ Acquired 145 matter. 26023_ EXIT=FOUND 26023_ Acquired data core, extracted map data and part IDs. 26038_ >> Watcher Feeds: Established visual feed link with W-44 Eye. 26041_ K-01 Serf collects debris. 26053_ >> Watcher Feeds: Established visual feed link with W-44 Eye. 26055_ >> Watcher Feeds: Feed link from W-44 Eye lost. Map ----- +----------------------------------------------------+ | ! % # # "" # ## #####+ | | ##+#####+##+##### # #"""" # + | | # ## #???# # #"" " # ######### | | # ### #???# # " " # #???????? | | # ###+##### " # # #??###### | | # # # " # + #??# | | # # ######" % %############+##??# | | # + "#????#" %##?????????# #???# | | # # "#??####++++%###???????# #???# | | # # "#??### ^%^=^###???????# #???# | | # # T#??###!^!%%^###???????# #???# | | # # "#??## k [%^]%##???????# ##### | | # # "#??### ^ ^^^###???????# | | # + "#??## ^^^^!##???????# | | # ##+### #??##;! ^=^^###???????# | | # # ## #??##[ ^^%^^ ##???????# | | # # *## #??### ^ ^^^###???????# | | # # ## #####! ^^^ ####?????# | | # + !## #####;^ ^^ ^#####?????# | | #^^# ## ### |% ! ##?????# | | #^^# !## ### !! ##?????# | | # # ## ### ^^^^^ ^^ ######## | | + ##+############# !^ ^ ### # | | + ## #??????????## ^ ### # | | + ## #??????????## ^ "" ^ ### # #### | | + ## #??????????## ^ "@ ^ ### # #??? | | # ## #??????????#; ^ ^ ### # #### | | # ## #??????????## ^ ### + | | # ## #??????????## ^^^^^^^^ ### ### | | # ##+#####??????## ### #?# | | # # #??????## ### #?# | | # # ! *#??????######################?# | | # # ! #??????################???????# | | # + * #??????????????????############ | | # # #??????????????????# ## ##### | | # # #??????????????????# !!!## #???# | | # ####+###??????????????????#! !!!## #???# | | # #### ###################### !! ## #???# | | # %!%=[*%=%*=[ ####+####### #?### | | # #### ############## w %% #?# | | # ##?# #????????????# ! #?# | | #?# #????????????# #?# " | | T" #?# #????????????# """ = ] #?# | | "" #?# #????????????# ""T"" #?# | | #?# #????????????# "" "" ! #####+ | | #+#####+#########????# * # | | #????# !!] # = | | #????# ! !]] # "" | | ! ]= [ ###### !]] # ""T | | ]= + ######### ##### "" | +----------------------------------------------------+ Best States ------------- Heat Dissipation 99 Energy Generation 41 Energy Capacity 550 Matter Stores 300 Matter Capacity 300 Sight Range 24 Terrain Scan Range 16 Terrain Scan Density 10 Jamming Range 16 Additional Mass Support 12 Armor Coverage 1350 Resistance: EM 25 Propulsion Shielding 66 Utility Shielding 66 Weapon Cycling 25 Melee Speed Boost 50 Evasion (%) 79 Melee Accuracy 8 Target Analysis 6 Core Analysis 12 Armor Integrity Analysis 40 Recoil Reduction 6 Offensive Hacking 46 Defensive Hacking 20 Relay Coupler Types 5 Relay Coupler Value 174 Authchip Count 1 Trap Extractor Capacity 6 Item Schematics ----------------- Gravity Neutralizer | -6/Factory | Scanalyzed Cld. VTOL Module | -6/Factory | Scanalyzed Nanoactuators | -5/Factory | Hacked Cld. Nuclear Pulse Thruster | -5/Factory | Hacked Cld. Q-thruster | -5/Factory | Scanalyzed Exp. Reaction Control System | -5/Factory | Scanalyzed Adv. Powered Armor | -5/Factory | Hacked Adv. Hacking Suite | -5/Factory | Hacked Impulse Thruster Array | -5/Extension | Hacked Graphene Brace | -5/Extension | Hacked Adv. VSS Leg | -5/Hub_04(d) | Hacked Imp. Propulsion Shielding | -3/Research | Scanalyzed Robot Schematics ------------------ None Fabricated ------------ Cld. VTOL Module | x1 | -6/Factory Cld. VTOL Module | x1 | -6/Factory | Authchip Cld. VTOL Module | x1 | -6/Factory Cld. Nuclear Pulse Thruster | x1 | -5/Factory | Authchip Cld. Nuclear Pulse Thruster | x1 | -5/Factory | Authchip Impulse Thruster Array | x1 | -5/Factory | Preloaded Cld. Q-thruster | x1 | -5/Factory | Authchip Impulse Thruster Array | x1 | -4/Factory | Authchip Cld. Q-thruster | x1 | -3/Research Impulse Thruster Array | x1 | -2/Research Nanoactuators | x2 | -1/Access Repaired ---------- Adv. Remote Datajack | 13% | -6/Factory Cld. VTOL Module | 15% | -6/Factory Cld. VTOL Module | 53% | -6/Factory Cld. Nuclear Pulse Thruster | 5% | -5/Factory Imp. Surge Thruster | 33% | -4/Factory | Broken Studied --------- Autogun | -9/Materials | Hacked Hvy. Assault Rifle | -9/Materials | Hacked Flight Unit | -7/Factory | Hacked Chainsword | -6/Factory | Hacked Xenon Bombardment Thruster | -6/Factory | Hacked Imp. Deuterium Engine | -6/Factory | Hacked Nuclear Pulse Thruster | -6/Factory | Hacked Power Sword | -6/Factory | Hacked Lgt. Angular Momentum Engine | -6/Factory | Hacked Mic. Fission Core | -6/Factory | Hacked Lgt. Fission Core | -5/Factory | Hacked Hyp. Gauss Cannon | -5/Factory | Hacked Imp. Ion Engine | -5/Factory | Hacked Hyp. Coil Gun | -5/Factory | Hacked Mic. Nuclear Core | -4/Factory | Hacked Imp. Surge Thruster | -4/Factory | Hacked Impulse Thruster Array | -3/Research | Hacked Field Propulsion Array | -1/Access | Hacked Alien Tech Used ----------------- None Achievements -------------- Oppo Buddy Shutout Challenges ------------ None Game ------ Seed PropulsionPitchforkDisplacer Manual? 0 Play Time 06:49:11 Cumulative 984.0 hours Start 2025.11.05 @ 19:22:04 End 2025.11.07 @ 14:18:21 Sessions 7 Manual Loads 0 Difficulty Rogue Special Mode None Game No. 306 Rogue 304 Adventurer 2 Explorer 0 Win Type 1 Total 69 Types 20/16/15/1/1/1/11/1/1/2 Lore% 97 Gallery% 94 Achievement% 81 Wizard Run 0 Options --------- Layout 0 ASCII 0 Keyboard 1 Movement Numpad Keybinds 0 Fullscreen 1 Font 24/Smallcaps Map View 76x50 Zoom Use 0% Tactical HUD 1 Map Filters NONE Filters NONE Steam 1 RUN: 1ade6fec-6d4f-4f27-bed7-5bf0a27dd602